Workbook
Name Hidden_1_Tabla_5498393: Hidden_1_Tabla_549839!$A$1:$A$26
Name Hidden_1_Tabla_5498472: Hidden_1_Tabla_549847!$A$1:$A$24
Name Hidden_1_Tabla_5662993: Hidden_1_Tabla_566299!$A$1:$A$26
Name Hidden_14: Hidden_1!$A$1:$A$2
Name Hidden_2_Tabla_5498397: Hidden_2_Tabla_549839!$A$1:$A$41
Name Hidden_2_Tabla_5498476: Hidden_2_Tabla_549847!$A$1:$A$41
Name Hidden_2_Tabla_5662997: Hidden_2_Tabla_566299!$A$1:$A$41
Name Hidden_3_Tabla_54983914: Hidden_3_Tabla_549839!$A$1:$A$32
Name Hidden_3_Tabla_54984713: Hidden_3_Tabla_549847!$A$1:$A$32
Name Hidden_3_Tabla_56629914: Hidden_3_Tabla_566299!$A$1:$A$32

Sheet Reporte de Formatos
A1: 56169
A2: TÍTULO | D2: NOMBRE CORTO | G2: DESCRIPCIÓN
A3: Servicios ofrecidos | D3: LTAIPSLP84XXIV | G3: La información para dar a conocer los servicios públicos que presta el sujeto obligado, tanto de las actividades realizadas por la administración pública para satisfacer necesidades de la población, como las realizadas por los sujetos obligados que no formen parte de la Administración Pública, pero que involucren el uso de recursos públicos. Los servicios deben estar al alcance de la población sin necesidad de que el ésta los exija, como es el caso de los trámites.
A4: 1 | B4: 4 | C4: 4 | D4: 2 | E4: 9 | F4: 1 | G4: 2 | H4: 1 | I4: 2 | J4: 2 | K4: 7 | L4: 4 | M4: 1 | N4: 2 | O4: 2 | P4: 2 | Q4: 10 | R4: 2 | S4: 2 | T4: 2 | U4: 2 | V4: 2 | W4: 2 | X4: 2 | Y4: 2 | Z4: 10 | AA4: 10 | AB4: 7 | AC4: 2 | AD4: 13 | AE4: 14
A5: 549841 | B5: 549842 | C5: 549843 | D5: 549828 | E5: 549846 | F5: 549850 | G5: 549830 | H5: 549848 | I5: 549831 | J5: 549832 | K5: 549838 | L5: 566291 | M5: 549826 | N5: 566292 | O5: 566293 | P5: 566294 | Q5: 549847 | R5: 566295 | S5: 566296 | T5: 549833 | U5: 549849 | V5: 549829 | W5: 549834 | X5: 566297 | Y5: 566298 | Z5: 566299 | AA5: 549839 | AB5: 549836 | AC5: 549845 | AD5: 549840 | AE5: 549844
A6: Tabla Campos
A7: Ejercicio | B7: Fecha de inicio del periodo que se informa | C7: Fecha de término del periodo que se informa | D7: Nombre del servicio | E7: Tipo de servicio (catálogo) | F7: Tipo de población usuaria y/o población objetivo (Redactados con perspectiva de género) | G7: Descripción del objetivo del servicio (Redactado con perspectiva de género) | H7: Modalidad del servicio | I7: Enumerar y detallar los requisitos (Redactados con perspectiva de género) | J7: Documentos requeridos, en su caso (Redactados con perspectiva de género) | K7: Hipervínculo a los formatos respectivo(s) publicado(s) en medio oficial | L7: ESTE CRITERIO APLICA A PARTIR DEL 02/07/2021 -> Última fecha de publicación del formato en el medio de difusión oficial | M7: Tiempo de respuesta | N7: ESTE CRITERIO APLICA A PARTIR DEL 02/07/2021 -> Plazo con el que cuenta el sujeto obligado para prevenir al solicitante | O7: ESTE CRITERIO APLICA A PARTIR DEL 02/07/2021 -> Plazo con el que cuenta el solicitante para cumplir con la prevención | P7: ESTE CRITERIO APLICA A PARTIR DEL 02/07/2021 -> Vigencia de los avisos, permisos, licencias, autorizaciones, registros y demás resoluciones que se emitan | Q7: Área en la que se proporciona el servicio y los datos de contacto Tabla_549847 | R7: ESTE CRITERIO APLICA A PARTIR DEL 02/07/2021 -> Objetivo de la inspección o verificación, en caso de que se requiera para llevar a cabo el servicio | S7: ESTE CRITERIO APLICA A PARTIR DEL 02/07/2021 -> Monto de los derechos o aprovechamientos aplicables, en su caso, o la forma de determinar dicho monto, así como las alternativas para realizar el pago. En su caso, especificar que es gratuito | T7: Sustento legal para su cobro | U7: Lugares donde se efectúa el pago | V7: Fundamento jurídico-administrativo del servicio | W7: Derechos de la población usuaria ante la negativa o la falta ante la prestación del servicio (Redactados con perspectiva de género) | X7: ESTE CRITERIO APLICA A PARTIR DEL 02/07/2021 -> Información que deberá conservar para fines de acreditación, inspección y verificación con motivo del servicio | Y7: ESTE CRITERIO APLICA A PARTIR DEL 02/07/2021 -> Información adicional del servicio, en su caso (Redactada con perspectiva de género) | Z7: Otro medio que permita el envío de consultas y documentos Tabla_566299 | AA7: Lugar para reportar presuntas anomalias Tabla_549839 | AB7: Hipervínculo al Catálogo Nacional de Regulaciones, Trámites y Servicios o al sistema homólogo | AC7: Área(s) responsable(s) que genera(n), posee(n), publica(n) y actualizan la información | AD7: Fecha de actualización | AE7: Nota
A8: 2025 | B8: 45931 | C8: 45961 | D8: COBROS DE TRAMITES REALIZADOS EN EL DEPARTAMENTO DEL RASTRO MUNICIPAL SACRIFICIO DE UN BOVINO | E8: Directo | F8: POBLACION EN GENERAL | G8: Brindar a la poblacion un Lugar donde se lleva a cabo la matanza de animales bovinos, porcinos etc. Y dar muerte de forma humanitaria a los animales y en condiciones higiénicas y sanitarias necesarias para su consumo humano. | H8: PRESENCIAL | I8: CONTAR CON LA GUIA Y RECIBO QUE SE LE OTORGA AL CIUDADANO EN LA GANADERA MUNICIPAL | J8: CONTAR CON LA GUIA Y RECIBO QUE SE LE OTORGA AL CIUDADANO EN LA GANADERA MUNICIPAL | K8: http://www.cegaipslp.org.mx/HV2024Dos.nsf/nombre_de_la_vista/90633E95FCC22C4106258BD200601F7C/$File/RECIBO+2024-2027.pdf | L8: 45656 | M8: INMEDIATA | N8: 15 DIAS | O8: 15 DIAS | P8: 1 DIA | Q8: =Tabla_549847!A4 -> 1 | R8: EL OBJETIVO ES QUE SE RESPETE Y SE LLEVEN ACABO LOS PERMISOS OTORGADOS EN EL SERVICIO | S8: 157.26 | T8: DECRETO 0126.- Se EXPIDE la Ley de Ingresos para el Municipio de Venado, S.L.P. para el ejercicio fiscal 2025. ARTICULO 22 INCISO A) | U8: DEPARTAMENTO DE TESORERIA | V8: DECRETO 0126.- Se EXPIDE la Ley de Ingresos para el Municipio de Venado, S.L.P. para el ejercicio fiscal 2025. ARTICULO 22 INCISO A) | W8: ACUDIR DIRECTAMENTE AL AREA DE SECRETARIA A DAR CONOCIMIENTO DEL SERVICIO NEGADO Y PODER DAR SEGUIMIENTO Y UNA RESPUESTA FAVORABLE AL USUARIO. | X8: DOCUMENTACION REQUERIDA EN EL TRAMITE | Y8: SIN INFORMACIÓN ADICIONAL QUE INFORMAR | Z8: =Tabla_566299!A4 -> 1 | AA8: =Tabla_549839!A4 -> 1 | AB8: https://catalogonacional.gob.mx/ | AC8: TESORERÍA | AD8: 46010 | AE8: NO GENERADO
A9: 2025 | B9: 45931 | C9: 45961 | D9: COBROS DE TRAMITES REALIZADOS EN EL DEPARTAMENTO DEL RASTRO MUNICIPAL SACRIFICIO DE UN PORCINO | E9: Directo | F9: POBLACION EN GENERAL | G9: Brindar a la poblacion un Lugar donde se lleva a cabo la matanza de animales bovinos, porcinos etc. Y dar muerte de forma humanitaria a los animales y en condiciones higiénicas y sanitarias necesarias para su consumo humano. | H9: PRESENCIAL | I9: CONTAR CON LA GUIA Y RECIBO QUE SE LE OTORGA AL CIUDADANO EN LA GANADERA MUNICIPAL | J9: CONTAR CON LA GUIA Y RECIBO QUE SE LE OTORGA AL CIUDADANO EN LA GANADERA MUNICIPAL | K9: http://www.cegaipslp.org.mx/HV2024Dos.nsf/nombre_de_la_vista/90633E95FCC22C4106258BD200601F7C/$File/RECIBO+2024-2027.pdf | L9: 45656 | M9: INMEDIATA | N9: 15 DIAS | O9: 15 DIAS | P9: 1 DIA | Q9: =Tabla_549847!A5 -> 2 | R9: EL OBJETIVO ES QUE SE RESPETE Y SE LLEVEN ACABO LOS PERMISOS OTORGADOS EN EL SERVICIO | S9: 139.16 | T9: DECRETO 0126.- Se EXPIDE la Ley de Ingresos para el Municipio de Venado, S.L.P. para el ejercicio fiscal 2025. ARTICULO 22 INCISO B) | U9: DEPARTAMENTO DE TESORERIA | V9: DECRETO 0126.- Se EXPIDE la Ley de Ingresos para el Municipio de Venado, S.L.P. para el ejercicio fiscal 2025. ARTICULO 22 INCISO B) | W9: ACUDIR DIRECTAMENTE AL AREA DE SECRETARIA A DAR CONOCIMIENTO DEL SERVICIO NEGADO Y PODER DAR SEGUIMIENTO Y UNA RESPUESTA FAVORABLE AL USUARIO. | X9: DOCUMENTACION REQUERIDA EN EL TRAMITE | Y9: SIN INFORMACIÓN ADICIONAL QUE INFORMAR | Z9: =Tabla_566299!A5 -> 2 | AA9: =Tabla_549839!A5 -> 2 | AB9: https://catalogonacional.gob.mx/ | AC9: TESORERÍA | AD9: 46010 | AE9: NO GENERADO
A10: 2025 | B10: 45931 | C10: 45961 | D10: COBROS DE TRAMITES REALIZADOS EN EL DEPARTAMENTO DEL RASTRO MUNICIPAL SACRIFICIO DE UN OVINO | E10: Directo | F10: POBLACION EN GENERAL | G10: Brindar a la poblacion un Lugar donde se lleva a cabo la matanza de animales bovinos, porcinos etc. Y dar muerte de forma humanitaria a los animales y en condiciones higiénicas y sanitarias necesarias para su consumo humano. | H10: PRESENCIAL | I10: CONTAR CON LA GUIA Y RECIBO QUE SE LE OTORGA AL CIUDADANO EN LA GANADERA MUNICIPAL | J10: CONTAR CON LA GUIA Y RECIBO QUE SE LE OTORGA AL CIUDADANO EN LA GANADERA MUNICIPAL | K10: http://www.cegaipslp.org.mx/HV2024Dos.nsf/nombre_de_la_vista/90633E95FCC22C4106258BD200601F7C/$File/RECIBO+2024-2027.pdf | L10: 45656 | M10: INMEDIATA | N10: 15 DIAS | O10: 15 DIAS | P10: 1 DIA | Q10: =Tabla_549847!A6 -> 3 | R10: EL OBJETIVO ES QUE SE RESPETE Y SE LLEVEN ACABO LOS PERMISOS OTORGADOS EN EL SERVICIO | S10: 63.36 | T10: DECRETO 0126.- Se EXPIDE la Ley de Ingresos para el Municipio de Venado, S.L.P. para el ejercicio fiscal 2025. ARTICULO 22 INCISO C) | U10: DEPARTAMENTO DE TESORERIA | V10: DECRETO 0126.- Se EXPIDE la Ley de Ingresos para el Municipio de Venado, S.L.P. para el ejercicio fiscal 2025. ARTICULO 22 INCISO C) | W10: ACUDIR DIRECTAMENTE AL AREA DE SECRETARIA A DAR CONOCIMIENTO DEL SERVICIO NEGADO Y PODER DAR SEGUIMIENTO Y UNA RESPUESTA FAVORABLE AL USUARIO. | X10: DOCUMENTACION REQUERIDA EN EL TRAMITE | Y10: SIN INFORMACIÓN ADICIONAL QUE INFORMAR | Z10: =Tabla_566299!A6 -> 3 | AA10: =Tabla_566299!A6 -> 3 | AB10: https://catalogonacional.gob.mx/ | AC10: TESORERÍA | AD10: 46010 | AE10: NO GENERADO
A11: 2025 | B11: 45931 | C11: 45961 | D11: COBROS DE TRAMITES REALIZADOS EN EL DEPARTAMENTO DEL RASTRO MUNICIPAL SACRIFICIO DE UN CAPRINO | E11: Directo | F11: POBLACION EN GENERAL | G11: Brindar a la poblacion un Lugar donde se lleva a cabo la matanza de animales bovinos, porcinos etc. Y dar muerte de forma humanitaria a los animales y en condiciones higiénicas y sanitarias necesarias para su consumo humano. | H11: PRESENCIAL | I11: CONTAR CON LA GUIA Y RECIBO QUE SE LE OTORGA AL CIUDADANO EN LA GANADERA MUNICIPAL | J11: CONTAR CON LA GUIA Y RECIBO QUE SE LE OTORGA AL CIUDADANO EN LA GANADERA MUNICIPAL | K11: http://www.cegaipslp.org.mx/HV2024Dos.nsf/nombre_de_la_vista/90633E95FCC22C4106258BD200601F7C/$File/RECIBO+2024-2027.pdf | L11: 45656 | M11: INMEDIATA | N11: 15 DIAS | O11: 15 DIAS | P11: 1 DIA | Q11: =Tabla_549847!A7 -> 4 | R11: EL OBJETIVO ES QUE SE RESPETE Y SE LLEVEN ACABO LOS PERMISOS OTORGADOS EN EL SERVICIO | S11: 63.36 | T11: DECRETO 0126.- Se EXPIDE la Ley de Ingresos para el Municipio de Venado, S.L.P. para el ejercicio fiscal 2025. ARTICULO 22 INCISO D) | U11: DEPARTAMENTO DE TESORERIA | V11: DECRETO 0126.- Se EXPIDE la Ley de Ingresos para el Municipio de Venado, S.L.P. para el ejercicio fiscal 2025. ARTICULO 22 INCISO D) | W11: ACUDIR DIRECTAMENTE AL AREA DE SECRETARIA A DAR CONOCIMIENTO DEL SERVICIO NEGADO Y PODER DAR SEGUIMIENTO Y UNA RESPUESTA FAVORABLE AL USUARIO. | X11: DOCUMENTACION REQUERIDA EN EL TRAMITE | Y11: SIN INFORMACIÓN ADICIONAL QUE INFORMAR | Z11: =Tabla_566299!A7 -> 4 | AA11: =Tabla_549839!A7 -> 4 | AB11: https://catalogonacional.gob.mx/ | AC11: TESORERÍA | AD11: 46010 | AE11: NO GENERADO
A12: 2025 | B12: 45931 | C12: 45961 | D12: LICENCIA DE FUNCIONAMIENTO | E12: Directo | F12: POBLACION EN GENERAL | G12: Se les brinda una autoridad municipal que acredita a tu empresa para que esta pueda iniciar operaciones | H12: PRESENCIAL | I12: PERMISO DE LICENCIA DE FUNCIONAMEIENTO E IDENTIFICACION | J12: PERMISO DE LICENCIA DE FUNCIONAMEIENTO E IDENTIFICACION | K12: http://www.cegaipslp.org.mx/HV2024Dos.nsf/nombre_de_la_vista/90633E95FCC22C4106258BD200601F7C/$File/RECIBO+2024-2027.pdf | L12: 45656 | M12: INMEDIATA | N12: 15 DIAS | O12: 15 DIAS | P12: 1 AÑO | Q12: =Tabla_549847!A8 -> 5 | R12: EL OBJETIVO ES QUE SE RESPETE Y SE LLEVEN ACABO LOS PERMISOS OTORGADOS EN EL SERVICIO | S12: 1131.4 | T12: DECRETO 0229.- Que reforma el artículo 25 y realiza adición al artículo 37, de la Ley de Ingresos del Municipio de Venado, S.L.P., para el ejercicio fiscal 2025. | U12: DEPARTAMENTO DE TESORERIA | V12: DECRETO 0229.- Que reforma el artículo 25 y realiza adición al artículo 37, de la Ley de Ingresos del Municipio de Venado, S.L.P., para el ejercicio fiscal 2025. | W12: ACUDIR DIRECTAMENTE AL AREA DE SECRETARIA A DAR CONOCIMIENTO DEL SERVICIO NEGADO Y PODER DAR SEGUIMIENTO Y UNA RESPUESTA FAVORABLE AL USUARIO. | X12: DOCUMENTACION REQUERIDA EN EL TRAMITE | Y12: SIN INFORMACIÓN ADICIONAL QUE INFORMAR | Z12: =Tabla_566299!A8 -> 5 | AA12: =Tabla_549839!A8 -> 5 | AB12: https://catalogonacional.gob.mx/ | AC12: TESORERÍA | AD12: 46010 | AE12: NO GENERADO
A13: 2025 | B13: 45931 | C13: 45961 | D13: PERMISOS DE CONSTRUCCION EN PANTEONES FOSA | E13: Directo | F13: POBLACION EN GENERAL | G13: Los panteones constituyen un servicio público, cuyo funcionamiento, operación, vigilancia y organización está a cargo del municipio, otorga los servicios de Inhumacion, Exhumacion, Deposito de Restos Áridos y Cenizas a los ciudadanos que no cuenten con alguna propiedad dentro de los panteones particulares. | H13: PRESENCIAL | I13: NUMERO DE LOTE | J13: NUMERO DE LOTE | K13: http://www.cegaipslp.org.mx/HV2024Dos.nsf/nombre_de_la_vista/90633E95FCC22C4106258BD200601F7C/$File/RECIBO+2024-2027.pdf | L13: 45656 | M13: INMEDIATA | N13: 15 DIAS | O13: 15 DIAS | P13: TIEMPO INDEFINIDO | Q13: =Tabla_549847!A9 -> 6 | R13: EL OBJETIVO ES QUE SE RESPETE Y SE LLEVEN ACABO LOS PERMISOS OTORGADOS EN EL SERVICIO | S13: 106.35 | T13: DECRETO 0126.- Se EXPIDE la Ley de Ingresos para el Municipio de Venado, S.L.P., para el ejercicio fiscal 2025. ARTICULO 26 FRACCION I INCISO A) NUMERO 1 | U13: DEPARTAMENTO DE TESORERIA | V13: DECRETO 0126.- Se EXPIDE la Ley de Ingresos para el Municipio de Venado, S.L.P., para el ejercicio fiscal 2025. ARTICULO 26 FRACCION I INCISO A) NUMERO 1 | W13: ACUDIR DIRECTAMENTE AL AREA DE SECRETARIA A DAR CONOCIMIENTO DEL SERVICIO NEGADO Y PODER DAR SEGUIMIENTO Y UNA RESPUESTA FAVORABLE AL USUARIO. | X13: DOCUMENTACION REQUERIDA EN EL TRAMITE | Y13: SIN INFORMACIÓN ADICIONAL QUE INFORMAR | Z13: =Tabla_566299!A9 -> 6 | AA13: =Tabla_566299!A9 -> 6 | AB13: https://catalogonacional.gob.mx/ | AC13: TESORERÍA | AD13: 46010 | AE13: NO GENERADO
A14: 2025 | B14: 45931 | C14: 45961 | D14: PERMISOS DE CONSTRUCCION EN PANTEONES BOVEDA | E14: Directo | F14: POBLACION EN GENERAL | G14: Los panteones constituyen un servicio público, cuyo funcionamiento, operación, vigilancia y organización está a cargo del municipio, otorga los servicios de Inhumacion, Exhumacion, Deposito de Restos Áridos y Cenizas a los ciudadanos que no cuenten con alguna propiedad dentro de los panteones particulares. | H14: PRESENCIAL | I14: NUMERO DE LOTE | J14: NUMERO DE LOTE | K14: http://www.cegaipslp.org.mx/HV2024Dos.nsf/nombre_de_la_vista/90633E95FCC22C4106258BD200601F7C/$File/RECIBO+2024-2027.pdf | L14: 45656 | M14: INMEDIATA | N14: 15 DIAS | O14: 15 DIAS | P14: TIEMPO INDEFINIDO | Q14: =Tabla_549847!A10 -> 7 | R14: EL OBJETIVO ES QUE SE RESPETE Y SE LLEVEN ACABO LOS PERMISOS OTORGADOS EN EL SERVICIO | S14: 130.11 | T14: DECRETO 0126.- Se EXPIDE la Ley de Ingresos para el Municipio de Venado, S.L.P., para el ejercicio fiscal 2025. ARTICULO 26 FRACCION I INCISO A) NUMERO 2 | U14: DEPARTAMENTO DE TESORERIA | V14: DECRETO 0126.- Se EXPIDE la Ley de Ingresos para el Municipio de Venado, S.L.P., para el ejercicio fiscal 2025. ARTICULO 26 FRACCION I INCISO A) NUMERO 2 | W14: ACUDIR DIRECTAMENTE AL AREA DE SECRETARIA A DAR CONOCIMIENTO DEL SERVICIO NEGADO Y PODER DAR SEGUIMIENTO Y UNA RESPUESTA FAVORABLE AL USUARIO. | X14: DOCUMENTACION REQUERIDA EN EL TRAMITE | Y14: SIN INFORMACIÓN ADICIONAL QUE INFORMAR | Z14: =Tabla_566299!A10 -> 7 | AA14: =Tabla_549839!A10 -> 7 | AB14: https://catalogonacional.gob.mx/ | AC14: TESORERÍA | AD14: 46010 | AE14: NO GENERADO
A15: 2025 | B15: 45931 | C15: 45961 | D15: SERVICIOS DE TRANSITO Y SEGURIDAD PERMISO PARA CIRCULAR SIN PLACAS | E15: Directo | F15: POBLACION EN GENERAL | G15: Se les brinda seguridad y vigilancia en las calles, lugares recreativos, planteles escolares y comunidades pertenecientes al municipio de Venado, San Luis Potosi. con el objetivo de salvaguardar la integridad fisica y patrimonial de cada ciudadano asi como tambien en la prevencion de los delitos,Permitirle a los usuarios circular en vias sin congestionamientos viales asi como tambien darles preferencias de paso a los peatones | H15: PRESENCIAL | I15: FACTURA Ó BAJA DE PLACAS DEL VEHÍCULO Ó PEDIMENTO EN CASO DE SER EXTRANJERO. | J15: FACTURA Ó BAJA DE PLACAS DEL VEHÍCULO Ó PEDIMENTO EN CASO DE SER EXTRANJERO. | K15: http://www.cegaipslp.org.mx/HV2024Dos.nsf/nombre_de_la_vista/90633E95FCC22C4106258BD200601F7C/$File/RECIBO+2024-2027.pdf | L15: 45656 | M15: 24 HORAS | N15: 15 DIAS | O15: 15 DIAS | P15: 30 DIAS NATURALES | Q15: =Tabla_549847!A11 -> 8 | R15: EL OBJETIVO ES QUE SE RESPETE Y SE LLEVEN ACABO LOS PERMISOS OTORGADOS EN EL SERVICIO | S15: 565.7 | T15: DECRETO 0126.- Se EXPIDE la Ley de Ingresos para el Municipio de Venado, S.L.P., para el ejercicio fiscal 2025. ARTICULO 27 FRACCION I | U15: DEPARTAMENTO DE TESORERIA | V15: DECRETO 0126.- Se EXPIDE la Ley de Ingresos para el Municipio de Venado, S.L.P., para el ejercicio fiscal 2025. ARTICULO 27 FRACCION I | W15: ACUDIR DIRECTAMENTE AL AREA DE SECRETARIA A DAR CONOCIMIENTO DEL SERVICIO NEGADO Y PODER DAR SEGUIMIENTO Y UNA RESPUESTA FAVORABLE AL USUARIO. | X15: DOCUMENTACION REQUERIDA EN EL TRAMITE | Y15: SIN INFORMACIÓN ADICIONAL QUE INFORMAR | Z15: =Tabla_566299!A11 -> 8 | AA15: =Tabla_549839!A11 -> 8 | AB15: https://catalogonacional.gob.mx/ | AC15: TESORERÍA | AD15: 46010 | AE15: NO GENERADO
A16: 2025 | B16: 45931 | C16: 45961 | D16: SERVICIOS DE TRANSITO Y SEGURIDAD PERMISO PARA CIRCULAR SIN PLACAS SEGUNDA Y ULTIMA OCASION | E16: Directo | F16: POBLACION EN GENERAL | G16: Se les brinda seguridad y vigilancia en las calles, lugares recreativos, planteles escolares y comunidades pertenecientes al municipio de Venado, San Luis Potosi, con el objetivo de salvaguardar la integridad fisica y patrimonial de cada ciudadano asi como tambien en la prevencion de los delitos,Permitirle a los usuarios circular en vias sin congestionamientos viales asi como tambien darles preferencias de paso a los peatones | H16: PRESENCIAL | I16: FACTURA Ó BAJA DE PLACAS DEL VEHÍCULO Ó PEDIMENTO EN CASO DE SER EXTRANJERO. | J16: FACTURA Ó BAJA DE PLACAS DEL VEHÍCULO Ó PEDIMENTO EN CASO DE SER EXTRANJERO. | K16: http://www.cegaipslp.org.mx/HV2024Dos.nsf/nombre_de_la_vista/90633E95FCC22C4106258BD200601F7C/$File/RECIBO+2024-2027.pdf | L16: 45656 | M16: 24 HORAS | N16: 15 DIAS | O16: 15 DIAS | P16: 30 DIAS NATURALES | Q16: =Tabla_549847!A12 -> 9 | R16: EL OBJETIVO ES QUE SE RESPETE Y SE LLEVEN ACABO LOS PERMISOS OTORGADOS EN EL SERVICIO | S16: 905.12 | T16: DECRETO 0126.- Se EXPIDE la Ley de Ingresos para el Municipio de Venado, S.L.P., para el ejercicio fiscal 2025. ARTICULO 27 FRACCION II | U16: DEPARTAMENTO DE TESORERIA | V16: DECRETO 0126.- Se EXPIDE la Ley de Ingresos para el Municipio de Venado, S.L.P., para el ejercicio fiscal 2025. ARTICULO 27 FRACCION II | W16: ACUDIR DIRECTAMENTE AL AREA DE SECRETARIA A DAR CONOCIMIENTO DEL SERVICIO NEGADO Y PODER DAR SEGUIMIENTO Y UNA RESPUESTA FAVORABLE AL USUARIO. | X16: DOCUMENTACION REQUERIDA EN EL TRAMITE | Y16: SIN INFORMACIÓN ADICIONAL QUE INFORMAR | Z16: =Tabla_566299!A12 -> 9 | AA16: =Tabla_566299!A12 -> 9 | AB16: https://catalogonacional.gob.mx/ | AC16: TESORERÍA | AD16: 46010 | AE16: NO GENERADO
A17: 2025 | B17: 45931 | C17: 45961 | D17: SERVICIOS DE TRANSITO Y SEGURIDAD CONSTANCIA DE NO INFRACCION | E17: Directo | F17: POBLACION EN GENERAL | G17: Se les brinda seguridad y vigilancia en las calles, lugares recreativos, planteles escolares y comunidades pertenecientes al municipio de Venado, San luis Potosi. con el objetivo de salvaguardar la integridad fisica y patrimonial de cada ciudadano asi como tambien en la prevencion de los delitos,Permitirle a los usuarios circular en vias sin congestionamientos viales asi como tambien darles preferencias de paso a los peatones | H17: PRESENCIAL | I17: FACTURA Ó BAJA DE PLACAS DEL VEHÍCULO Ó PEDIMENTO EN CASO DE SER EXTRANJERO. | J17: FACTURA Ó BAJA DE PLACAS DEL VEHÍCULO Ó PEDIMENTO EN CASO DE SER EXTRANJERO. | K17: http://www.cegaipslp.org.mx/HV2024Dos.nsf/nombre_de_la_vista/90633E95FCC22C4106258BD200601F7C/$File/RECIBO+2024-2027.pdf | L17: 45656 | M17: 24 HORAS | N17: 15 DIAS | O17: 15 DIAS | P17: 30 DIAS | Q17: =Tabla_549847!A13 -> 10 | R17: EL OBJETIVO ES QUE SE RESPETE Y SE LLEVEN ACABO LOS PERMISOS OTORGADOS EN EL SERVICIO | S17: 56.57 | T17: DECRETO 0126.- Se EXPIDE la Ley de Ingresos para el Municipio de Venado, S.L.P., para el ejercicio fiscal 2025. ARTICULO 27 FRACCION V | U17: DEPARTAMENTO DE TESORERIA | V17: DECRETO 0126.- Se EXPIDE la Ley de Ingresos para el Municipio de Venado, S.L.P., para el ejercicio fiscal 2025. ARTICULO 27 FRACCION V | W17: ACUDIR DIRECTAMENTE AL AREA DE SECRETARIA A DAR CONOCIMIENTO DEL SERVICIO NEGADO Y PODER DAR SEGUIMIENTO Y UNA RESPUESTA FAVORABLE AL USUARIO. | X17: DOCUMENTACION REQUERIDA EN EL TRAMITE | Y17: SIN INFORMACIÓN ADICIONAL QUE INFORMAR | Z17: =Tabla_566299!A13 -> 10 | AA17: =Tabla_549839!A13 -> 10 | AB17: https://catalogonacional.gob.mx/ | AC17: TESORERÍA | AD17: 46010 | AE17: NO GENERADO
A18: 2025 | B18: 45931 | C18: 45961 | D18: AUTORIZACION PARA LA OBSTRUCCION O CIERRE TOTAL O PARCIAL EN FORMA TEMPORAL DE LA VIA PUBLICA YA SEA EN EL ARROYO DE RONDAMIENTO O SOBRE LA BANQUETA PARA EJECUCION DE OBRAS PARA EVENTO Y POR DIA | E18: Directo | F18: POBLACION EN GENERAL | G18: Se les brinda seguridad y vigilancia en las calles, lugares recreativos, planteles escolares y comunidades pertenecientes al municipio de Venado, San Luis Potosi. con el objetivo de salvaguardar la integridad fisica y patrimonial de cada ciudadano asi como tambien en la prevencion de los delitos, Permitirle a los usuarios circular en vias sin congestionamientos viales asi como tambien darles preferencias de paso a los peatones. | H18: PRESENCIAL | I18: IDENTIFICACION OFICIAL Y CONTANCIA QUE ESPECIFIQUE LA AUTORIZACION PARA LA OBSTRUCCION O CIERRE TOTAL O PARCIAL EN FORMA TEMPORAL DE LA VIA PUBLICA YA SEA EN EL ARROYO DE RONDAMIENTO O SOBRE LA BANQUETA PARA EJECUCION DE OBRAS PARA EVENTO Y POR DIA | J18: IDENTIFICACION OFICIAL Y CONTANCIA QUE ESPECIFIQUE LA AUTORIZACION PARA LA OBSTRUCCION O CIERRE TOTAL O PARCIAL EN FORMA TEMPORAL DE LA VIA PUBLICA YA SEA EN EL ARROYO DE RONDAMIENTO O SOBRE LA BANQUETA PARA EJECUCION DE OBRAS PARA EVENTO Y POR DIA | K18: http://www.cegaipslp.org.mx/HV2024Dos.nsf/nombre_de_la_vista/90633E95FCC22C4106258BD200601F7C/$File/RECIBO+2024-2027.pdf | L18: 45656 | M18: 24 HORAS | N18: 15 DIAS | O18: 15 DIAS | P18: 1 DIA | Q18: =Tabla_549847!A14 -> 11 | R18: EL OBJETIVO ES QUE SE RESPETE Y SE LLEVEN ACABO LOS PERMISOS OTORGADOS EN EL SERVICIO | S18: 565.7 | T18: DECRETO 0126.- Se EXPIDE la Ley de Ingresos para el Municipio de Venado, S.L.P., para el ejercicio fiscal 2025. ARTICULO 27 FRACCION XII | U18: DEPARTAMENTO DE TESORERIA | V18: DECRETO 0126.- Se EXPIDE la Ley de Ingresos para el Municipio de Venado, S.L.P., para el ejercicio fiscal 2025. ARTICULO 27 FRACCION XII | W18: ACUDIR DIRECTAMENTE AL AREA DE SECRETARIA A DAR CONOCIMIENTO DEL SERVICIO NEGADO Y PODER DAR SEGUIMIENTO Y UNA RESPUESTA FAVORABLE AL USUARIO. | X18: DOCUMENTACION REQUERIDA EN EL TRAMITE | Y18: SIN INFORMACIÓN ADICIONAL QUE INFORMAR | Z18: =Tabla_566299!A14 -> 11 | AA18: =Tabla_549839!A14 -> 11 | AB18: https://catalogonacional.gob.mx/ | AC18: TESORERÍA | AD18: 46010 | AE18: NO GENERADO
A19: 2025 | B19: 45931 | C19: 45961 | D19: FALTAS ADMINISTRATIVAS | E19: Directo | F19: POBLACION EN GENERAL | G19: Se les brinda seguridad y vigilancia en las calles, lugares recreativos, planteles escolares y comunidades pertenecientes al municipio de Venado, San Luis Potosi. con el objetivo de salvaguardar la integridad fisica y patrimonial de cada ciudadano asi como tambien en la prevencion de los delitos,Permitirle a los usuarios circular en vias sin congestionamientos viales asi como tambien darles preferencias de paso a los peatones | H19: PRESENCIAL | I19: INE , DOCUMENTACION DONDE ESPECIFIQUE EL CONCEPTO DE LA MULTA Y MONTO A PAGAR | J19: INE , DOCUMENTACION DONDE ESPECIFIQUE EL CONCEPTO DE LA MULTA Y MONTO A PAGAR | K19: http://www.cegaipslp.org.mx/HV2024Dos.nsf/nombre_de_la_vista/90633E95FCC22C4106258BD200601F7C/$File/RECIBO+2024-2027.pdf | L19: 45656 | M19: INMEDIATA | N19: 1 DIA | O19: 1 DIA | P19: 1 DIA | Q19: =Tabla_549847!A15 -> 12 | R19: EL OBJETIVO ES QUE SE RESPETE Y SE LLEVEN ACABO LOS PERMISOS OTORGADOS EN EL SERVICIO | S19: 452.56 | T19: DECRETO 0126.- Se EXPIDE la Ley de Ingresos para el Municipio de Venado, S.L.P., para el ejercicio fiscal 2025. ARTICULO 27 FRACCION V | U19: DEPARTAMENTO DE TESORERIA | V19: DECRETO 0126.- Se EXPIDE la Ley de Ingresos para el Municipio de Venado, San Luis Potosi.para el ejercicio fiscal 2025. ARTICULO 27 FRACCION V | W19: ACUDIR DIRECTAMENTE AL AREA DE SECRETARIA A DAR CONOCIMIENTO DEL SERVICIO NEGADO Y PODER DAR SEGUIMIENTO Y UNA RESPUESTA FAVORABLE AL USUARIO. | X19: DOCUMENTACION REQUERIDA EN EL TRAMITE | Y19: SIN INFORMACIÓN ADICIONAL QUE INFORMAR | Z19: =Tabla_566299!A15 -> 12 | AA19: =Tabla_566299!A15 -> 12 | AB19: https://catalogonacional.gob.mx/ | AC19: TESORERÍA | AD19: 46010 | AE19: NO GENERADO
A20: 2025 | B20: 45931 | C20: 45961 | D20: REGISTRO CIVIL REGISTRO DE NACIMIENTO O DEFUNCION | E20: Directo | F20: POBLACION EN GENERAL | G20: Brindar a la poblacion la certeza jurídica de los actos y hechos relativos al estado civil de las personas, mediante el registro, resguardo y certificación de los actos que en términos de normatividad establece el Gobierno del Estado de México con eficacia, honradez, alto sentido humano y con la más alta calidad | H20: PRESENCIAL | I20: NACIMIENTO CERTIFICADO DE NACIMIENTO DEL BEBE, ORIGINAL Y 2 COPIAS,ACTA DE MATRIMONIO DE LOS PADRES, SI NO ESTAN CASADOS ACTA DE NACIMIENTO ORIGINAL Y COPIA RECIENTES;COPIA DE CREDENCIAL DE ELECTOR IFE O INE, DOS TESTIGOS MAYORES DE 18 AÑOS, CON CREDENCIA, Y CARTILLA DE VACUNACION. DEFUNCION, CERTIFICADO DE DEFUNCION, ACTA DE NACIMIENTO, CREDENCIAL ELECTOR, Y DOS TESTIGOS | J20: NACIMIENTO CERTIFICADO DE NACIMIENTO DEL BEBE, ORIGINAL Y 2 COPIAS,ACTA DE MATRIMONIO DE LOS PADRES, SI NO ESTAN CASADOS ACTA DE NACIMIENTO ORIGINAL Y COPIA RECIENTES;COPIA DE CREDENCIAL DE ELECTOR IFE O INE, DOS TESTIGOS MAYORES DE 18 AÑOS, CON CREDENCIA, Y CARTILLA DE VACUNACION. DEFUNCION, CERTIFICADO DE DEFUNCION, ACTA DE NACIMIENTO, CREDENCIAL ELECTOR, Y DOS TESTIGOS | K20: http://www.cegaipslp.org.mx/HV2024Dos.nsf/nombre_de_la_vista/90633E95FCC22C4106258BD200601F7C/$File/RECIBO+2024-2027.pdf | L20: 45656 | M20: I HORA | N20: 15 DIAS | O20: 15 DIAS | P20: 1 DIA | Q20: =Tabla_549847!A16 -> 13 | R20: EL OBJETIVO ES QUE SE RESPETE Y SE LLEVEN ACABO LOS PERMISOS OTORGADOS EN EL SERVICIO | S20: SIN COSTO | T20: DECRETO 0126.- Se EXPIDE la Ley de Ingresos para el Municipio de Venado, S.L.P., para el ejercicio fiscal 2025. | U20: DEPARTAMENTO DE TESORERIA | V20: DECRETO 0126.- Se EXPIDE la Ley de Ingresos para el Municipio de Venado, S.L.P., para el ejercicio fiscal 2025. | W20: ACUDIR DIRECTAMENTE AL AREA DE SECRETARIA A DAR CONOCIMIENTO DEL SERVICIO NEGADO Y PODER DAR SEGUIMIENTO Y UNA RESPUESTA FAVORABLE AL USUARIO. | X20: DOCUMENTACION REQUERIDA EN EL TRAMITE | Y20: SIN INFORMACIÓN ADICIONAL QUE INFORMAR | Z20: =Tabla_566299!A16 -> 13 | AA20: =Tabla_549839!A16 -> 13 | AB20: https://catalogonacional.gob.mx/ | AC20: TESORERÍA | AD20: 46010 | AE20: NO GENERADO
A21: 2025 | B21: 45931 | C21: 45961 | D21: CELEBRACION DE MATRIMONIO EN OFICIALIA DIAS Y HORAS DE OFICINA | E21: Directo | F21: POBLACION EN GENERAL | G21: Brindar a la poblacion la certeza jurídica de los actos y hechos relativos al estado civil de las personas, mediante el registro, resguardo y certificación de los actos que en términos de normatividad establece el Gobierno del Estado de México con eficacia, honradez, alto sentido humano y con la más alta calidad | H21: PRESENCIAL | I21: DE MATRIMONIO ACTAS DE NACIMIENTOS DE LOS CONTRAYENTES ORIGINAL Y COPIAS,CERTIFICADOS MEDICOS, CREDENCIAL IFE ORIGINAL Y COPIA DE LOS CONTRAYENTES, DOS TESTIGOS POR CADA UNO MAYORES DE EDAD, SI ALGUNO DE LOS CONTRAYENTES FUE CASADO O ES VIUDO DEBERAN PRESENTAR ACTA DE DIVORCIO O DEFUNCION SEGUN SEA EL CASO. | J21: DE MATRIMONIO ACTAS DE NACIMIENTOS DE LOS CONTRAYENTES ORIGINAL Y COPIAS,CERTIFICADOS MEDICOS, CREDENCIAL IFE ORIGINAL Y COPIA DE LOS CONTRAYENTES, DOS TESTIGOS POR CADA UNO MAYORES DE EDAD, SI ALGUNO DE LOS CONTRAYENTES FUE CASADO O ES VIUDO DEBERAN PRESENTAR ACTA DE DIVORCIO O DEFUNCION SEGUN SEA EL CASO. | K21: http://www.cegaipslp.org.mx/HV2024Dos.nsf/nombre_de_la_vista/90633E95FCC22C4106258BD200601F7C/$File/RECIBO+2024-2027.pdf | L21: 45656 | M21: I HORA | N21: 15 DIAS | O21: 15 DIAS | P21: 1 DIA | Q21: =Tabla_549847!A17 -> 14 | R21: EL OBJETIVO ES QUE SE RESPETE Y SE LLEVEN ACABO LOS PERMISOS OTORGADOS EN EL SERVICIO | S21: 177.63 | T21: DECRETO 0126.- Se EXPIDE la Ley de Ingresos para el Municipio de Venado, S.L.P., para el ejercicio fiscal 2025. ARTICULO 28, FRACCION II INCISO A) | U21: DEPARTAMENTO DE TESORERIA | V21: DECRETO 0126.- Se EXPIDE la Ley de Ingresos para el Municipio de Venado, S.L.P., para el ejercicio fiscal 2025. ARTICULO 28, FRACCION II INCISO A) | W21: ACUDIR DIRECTAMENTE AL AREA DE SECRETARIA A DAR CONOCIMIENTO DEL SERVICIO NEGADO Y PODER DAR SEGUIMIENTO Y UNA RESPUESTA FAVORABLE AL USUARIO. | X21: DOCUMENTACION REQUERIDA EN EL TRAMITE | Y21: SIN INFORMACIÓN ADICIONAL QUE INFORMAR | Z21: =Tabla_566299!A17 -> 14 | AA21: =Tabla_549839!A17 -> 14 | AB21: https://catalogonacional.gob.mx/ | AC21: TESORERÍA | AD21: 46010 | AE21: NO GENERADO
A22: 2025 | B22: 45931 | C22: 45961 | D22: CELEBRACION DE MATRIMONIO EN OFICIALIA DIAS Y HORAS INHABILES | E22: Directo | F22: POBLACION EN GENERAL | G22: Brindar a la poblacion la certeza jurídica de los actos y hechos relativos al estado civil de las personas, mediante el registro, resguardo y certificación de los actos que en términos de normatividad establece el Gobierno del Estado de México con eficacia, honradez, alto sentido humano y con la más alta calidad | H22: PRESENCIAL | I22: DE MATRIMONIO ACTAS DE NACIMIENTOS DE LOS CONTRAYENTES ORIGINAL Y COPIAS,CERTIFICADOS MEDICOS, CREDENCIAL IFE ORIGINAL Y COPIA DE LOS CONTRAYENTES, DOS TESTIGOS POR CADA UNO MAYORES DE EDAD, SI ALGUNO DE LOS CONTRAYENTES FUE CASADO O ES VIUDO DEBERAN PRESENTAR ACTA DE DIVORCIO O DEFUNCION SEGUN SEA EL CASO. | J22: DE MATRIMONIO ACTAS DE NACIMIENTOS DE LOS CONTRAYENTES ORIGINAL Y COPIAS,CERTIFICADOS MEDICOS, CREDENCIAL IFE ORIGINAL Y COPIA DE LOS CONTRAYENTES, DOS TESTIGOS POR CADA UNO MAYORES DE EDAD, SI ALGUNO DE LOS CONTRAYENTES FUE CASADO O ES VIUDO DEBERAN PRESENTAR ACTA DE DIVORCIO O DEFUNCION SEGUN SEA EL CASO. | K22: http://www.cegaipslp.org.mx/HV2024Dos.nsf/nombre_de_la_vista/90633E95FCC22C4106258BD200601F7C/$File/RECIBO+2024-2027.pdf | L22: 45656 | M22: I HORA | N22: 15 DIAS | O22: 15 DIAS | P22: 1 DIA | Q22: =Tabla_549847!A18 -> 15 | R22: EL OBJETIVO ES QUE SE RESPETE Y SE LLEVEN ACABO LOS PERMISOS OTORGADOS EN EL SERVICIO | S22: 218.36 | T22: DECRETO 0126.- Se EXPIDE la Ley de Ingresos para el Municipio de Venado, S.L.P., para el ejercicio fiscal 2025. ARTICULO 28, FRACCION II INCISO B) | U22: DEPARTAMENTO DE TESORERIA | V22: DECRETO 0126.- Se EXPIDE la Ley de Ingresos para el Municipio de Venado, S.L.P., para el ejercicio fiscal 2025. ARTICULO 28, FRACCION II INCISO B) | W22: ACUDIR DIRECTAMENTE AL AREA DE SECRETARIA A DAR CONOCIMIENTO DEL SERVICIO NEGADO Y PODER DAR SEGUIMIENTO Y UNA RESPUESTA FAVORABLE AL USUARIO. | X22: DOCUMENTACION REQUERIDA EN EL TRAMITE | Y22: SIN INFORMACIÓN ADICIONAL QUE INFORMAR | Z22: =Tabla_566299!A18 -> 15 | AA22: =Tabla_566299!A18 -> 15 | AB22: https://catalogonacional.gob.mx/ | AC22: TESORERÍA | AD22: 46010 | AE22: NO GENERADO
A23: 2025 | B23: 45931 | C23: 45961 | D23: CELEBRACION DE MATRIMONIO EN OFICIALIA EN DIAS FESTIVOS | E23: Directo | F23: POBLACION EN GENERAL | G23: Brindar a la poblacion la certeza jurídica de los actos y hechos relativos al estado civil de las personas, mediante el registro, resguardo y certificación de los actos que en términos de normatividad establece el Gobierno del Estado de México con eficacia, honradez, alto sentido humano y con la más alta calidad | H23: PRESENCIAL | I23: DE MATRIMONIO ACTAS DE NACIMIENTOS DE LOS CONTRAYENTES ORIGINAL Y COPIAS,CERTIFICADOS MEDICOS, CREDENCIAL IFE ORIGINAL Y COPIA DE LOS CONTRAYENTES, DOS TESTIGOS POR CADA UNO MAYORES DE EDAD, SI ALGUNO DE LOS CONTRAYENTES FUE CASADO O ES VIUDO DEBERAN PRESENTAR ACTA DE DIVORCIO O DEFUNCION SEGUN SEA EL CASO. | J23: DE MATRIMONIO ACTAS DE NACIMIENTOS DE LOS CONTRAYENTES ORIGINAL Y COPIAS,CERTIFICADOS MEDICOS, CREDENCIAL IFE ORIGINAL Y COPIA DE LOS CONTRAYENTES, DOS TESTIGOS POR CADA UNO MAYORES DE EDAD, SI ALGUNO DE LOS CONTRAYENTES FUE CASADO O ES VIUDO DEBERAN PRESENTAR ACTA DE DIVORCIO O DEFUNCION SEGUN SEA EL CASO. | K23: http://www.cegaipslp.org.mx/HV2024Dos.nsf/nombre_de_la_vista/90633E95FCC22C4106258BD200601F7C/$File/RECIBO+2024-2027.pdf | L23: 45656 | M23: I HORA | N23: 15 DIAS | O23: 15 DIAS | P23: 1 DIA | Q23: =Tabla_549847!A19 -> 16 | R23: EL OBJETIVO ES QUE SE RESPETE Y SE LLEVEN ACABO LOS PERMISOS OTORGADOS EN EL SERVICIO | S23: 245.51 | T23: DECRETO 0126.- Se EXPIDE la Ley de Ingresos para el Municipio de Venado, S.L.P., para el ejercicio fiscal 2025. ARTICULO 28, FRACCION II INCISO C) | U23: DEPARTAMENTO DE TESORERIA | V23: DECRETO 0126.- Se EXPIDE la Ley de Ingresos para el Municipio de Venado, S.L.P., para el ejercicio fiscal 2025. ARTICULO 28, FRACCION II INCISO C) | W23: ACUDIR DIRECTAMENTE AL AREA DE SECRETARIA A DAR CONOCIMIENTO DEL SERVICIO NEGADO Y PODER DAR SEGUIMIENTO Y UNA RESPUESTA FAVORABLE AL USUARIO. | X23: DOCUMENTACION REQUERIDA EN EL TRAMITE | Y23: SIN INFORMACIÓN ADICIONAL QUE INFORMAR | Z23: =Tabla_566299!A19 -> 16 | AA23: =Tabla_549839!A19 -> 16 | AB23: https://catalogonacional.gob.mx/ | AC23: TESORERÍA | AD23: 46010 | AE23: NO GENERADO
A24: 2025 | B24: 45931 | C24: 45961 | D24: CELEBRACION DE MATRIMONIO A DOMICILIO DIAS Y HORAS DE OFICINA | E24: Directo | F24: POBLACION EN GENERAL | G24: Brindar a la poblacion la certeza jurídica de los actos y hechos relativos al estado civil de las personas, mediante el registro, resguardo y certificación de los actos que en términos de normatividad establece el Gobierno del Estado de México con eficacia, honradez, alto sentido humano y con la más alta calidad | H24: PRESENCIAL | I24: DE MATRIMONIO ACTAS DE NACIMIENTOS DE LOS CONTRAYENTES ORIGINAL Y COPIAS,CERTIFICADOS MEDICOS, CREDENCIAL IFE ORIGINAL Y COPIA DE LOS CONTRAYENTES, DOS TESTIGOS POR CADA UNO MAYORES DE EDAD, SI ALGUNO DE LOS CONTRAYENTES FUE CASADO O ES VIUDO DEBERAN PRESENTAR ACTA DE DIVORCIO O DEFUNCION SEGUN SEA EL CASO. | J24: DE MATRIMONIO ACTAS DE NACIMIENTOS DE LOS CONTRAYENTES ORIGINAL Y COPIAS,CERTIFICADOS MEDICOS, CREDENCIAL IFE ORIGINAL Y COPIA DE LOS CONTRAYENTES, DOS TESTIGOS POR CADA UNO MAYORES DE EDAD, SI ALGUNO DE LOS CONTRAYENTES FUE CASADO O ES VIUDO DEBERAN PRESENTAR ACTA DE DIVORCIO O DEFUNCION SEGUN SEA EL CASO. | K24: http://www.cegaipslp.org.mx/HV2024Dos.nsf/nombre_de_la_vista/90633E95FCC22C4106258BD200601F7C/$File/RECIBO+2024-2027.pdf | L24: 45656 | M24: I HORA | N24: 15 DIAS | O24: 15 DIAS | P24: 1 DIA | Q24: =Tabla_549847!A20 -> 17 | R24: EL OBJETIVO ES QUE SE RESPETE Y SE LLEVEN ACABO LOS PERMISOS OTORGADOS EN EL SERVICIO | S24: 681.1 | T24: DECRETO 0126.- Se EXPIDE la Ley de Ingresos para el Municipio de Venado, S.L.P., para el ejercicio fiscal 2025. ARTICULO 28, FRACCION III INCISO A) | U24: DEPARTAMENTO DE TESORERIA | V24: DECRETO 0126.- Se EXPIDE la Ley de Ingresos para el Municipio de Venado, S.L.P., para el ejercicio fiscal 2025. ARTICULO 28, FRACCION III INCISO A) | W24: ACUDIR DIRECTAMENTE AL AREA DE SECRETARIA A DAR CONOCIMIENTO DEL SERVICIO NEGADO Y PODER DAR SEGUIMIENTO Y UNA RESPUESTA FAVORABLE AL USUARIO. | X24: DOCUMENTACION REQUERIDA EN EL TRAMITE | Y24: SIN INFORMACIÓN ADICIONAL QUE INFORMAR | Z24: =Tabla_566299!A20 -> 17 | AA24: =Tabla_549839!A20 -> 17 | AB24: https://catalogonacional.gob.mx/ | AC24: TESORERÍA | AD24: 46010 | AE24: NO GENERADO
A25: 2025 | B25: 45931 | C25: 45961 | D25: CELEBRACION DE MATRIMONIO A DOMICILIO DIAS HORAS INHABILES | E25: Directo | F25: POBLACION EN GENERAL | G25: Brindar a la poblacion la certeza jurídica de los actos y hechos relativos al estado civil de las personas, mediante el registro, resguardo y certificación de los actos que en términos de normatividad establece el Gobierno del Estado de México con eficacia, honradez, alto sentido humano y con la más alta calidad | H25: PRESENCIAL | I25: DE MATRIMONIO ACTAS DE NACIMIENTOS DE LOS CONTRAYENTES ORIGINAL Y COPIAS,CERTIFICADOS MEDICOS, CREDENCIAL IFE ORIGINAL Y COPIA DE LOS CONTRAYENTES, DOS TESTIGOS POR CADA UNO MAYORES DE EDAD, SI ALGUNO DE LOS CONTRAYENTES FUE CASADO O ES VIUDO DEBERAN PRESENTAR ACTA DE DIVORCIO O DEFUNCION SEGUN SEA EL CASO. | J25: DE MATRIMONIO ACTAS DE NACIMIENTOS DE LOS CONTRAYENTES ORIGINAL Y COPIAS,CERTIFICADOS MEDICOS, CREDENCIAL IFE ORIGINAL Y COPIA DE LOS CONTRAYENTES, DOS TESTIGOS POR CADA UNO MAYORES DE EDAD, SI ALGUNO DE LOS CONTRAYENTES FUE CASADO O ES VIUDO DEBERAN PRESENTAR ACTA DE DIVORCIO O DEFUNCION SEGUN SEA EL CASO. | K25: http://www.cegaipslp.org.mx/HV2024Dos.nsf/nombre_de_la_vista/90633E95FCC22C4106258BD200601F7C/$File/RECIBO+2024-2027.pdf | L25: 45656 | M25: I HORA | N25: 15 DIAS | O25: 15 DIAS | P25: 1 DIA | Q25: =Tabla_549847!A21 -> 18 | R25: EL OBJETIVO ES QUE SE RESPETE Y SE LLEVEN ACABO LOS PERMISOS OTORGADOS EN EL SERVICIO | S25: 818 | T25: DECRETO 0126.- Se EXPIDE la Ley de Ingresos para el Municipio de Venado, S.L.P., para el ejercicio fiscal 2025. ARTICULO 28, FRACCION III INCISO B) | U25: DEPARTAMENTO DE TESORERIA | V25: DECRETO 0126.- Se EXPIDE la Ley de Ingresos para el Municipio de Venado, S.L.P., para el ejercicio fiscal 2025. ARTICULO 28, FRACCION III INCISO B) | W25: ACUDIR DIRECTAMENTE AL AREA DE SECRETARIA A DAR CONOCIMIENTO DEL SERVICIO NEGADO Y PODER DAR SEGUIMIENTO Y UNA RESPUESTA FAVORABLE AL USUARIO. | X25: DOCUMENTACION REQUERIDA EN EL TRAMITE | Y25: SIN INFORMACIÓN ADICIONAL QUE INFORMAR | Z25: =Tabla_566299!A21 -> 18 | AA25: =Tabla_566299!A21 -> 18 | AB25: https://catalogonacional.gob.mx/ | AC25: TESORERÍA | AD25: 46010 | AE25: NO GENERADO
A26: 2025 | B26: 45931 | C26: 45961 | D26: CELEBRACION DE MATRIMONIO A DOMICILIO EN DIAS FESTIVOS | E26: Directo | F26: POBLACION EN GENERAL | G26: Brindar a la poblacion la certeza jurídica de los actos y hechos relativos al estado civil de las personas, mediante el registro, resguardo y certificación de los actos que en términos de normatividad establece el Gobierno del Estado de México con eficacia, honradez, alto sentido humano y con la más alta calidad | H26: PRESENCIAL | I26: DE MATRIMONIO ACTAS DE NACIMIENTOS DE LOS CONTRAYENTES ORIGINAL Y COPIAS,CERTIFICADOS MEDICOS, CREDENCIAL IFE ORIGINAL Y COPIA DE LOS CONTRAYENTES, DOS TESTIGOS POR CADA UNO MAYORES DE EDAD, SI ALGUNO DE LOS CONTRAYENTES FUE CASADO O ES VIUDO DEBERAN PRESENTAR ACTA DE DIVORCIO O DEFUNCION SEGUN SEA EL CASO. | J26: DE MATRIMONIO ACTAS DE NACIMIENTOS DE LOS CONTRAYENTES ORIGINAL Y COPIAS,CERTIFICADOS MEDICOS, CREDENCIAL IFE ORIGINAL Y COPIA DE LOS CONTRAYENTES, DOS TESTIGOS POR CADA UNO MAYORES DE EDAD, SI ALGUNO DE LOS CONTRAYENTES FUE CASADO O ES VIUDO DEBERAN PRESENTAR ACTA DE DIVORCIO O DEFUNCION SEGUN SEA EL CASO. | K26: http://www.cegaipslp.org.mx/HV2024Dos.nsf/nombre_de_la_vista/90633E95FCC22C4106258BD200601F7C/$File/RECIBO+2024-2027.pdf | L26: 45656 | M26: I HORA | N26: 15 DIAS | O26: 15 DIAS | P26: 1 DIA | Q26: =Tabla_549847!A22 -> 19 | R26: EL OBJETIVO ES QUE SE RESPETE Y SE LLEVEN ACABO LOS PERMISOS OTORGADOS EN EL SERVICIO | S26: 818 | T26: DECRETO 0126.- Se EXPIDE la Ley de Ingresos para el Municipio de Venado, S.L.P., para el ejercicio fiscal 2025. ARTICULO 28, FRACCION III INCISO C) | U26: DEPARTAMENTO DE TESORERIA | V26: DECRETO 0126.- Se EXPIDE la Ley de Ingresos para el Municipio de Venado, S.L.P., para el ejercicio fiscal 2025. ARTICULO 28, FRACCION III INCISO C) | W26: ACUDIR DIRECTAMENTE AL AREA DE SECRETARIA A DAR CONOCIMIENTO DEL SERVICIO NEGADO Y PODER DAR SEGUIMIENTO Y UNA RESPUESTA FAVORABLE AL USUARIO. | X26: DOCUMENTACION REQUERIDA EN EL TRAMITE | Y26: SIN INFORMACIÓN ADICIONAL QUE INFORMAR | Z26: =Tabla_566299!A22 -> 19 | AA26: =Tabla_549839!A22 -> 19 | AB26: https://catalogonacional.gob.mx/ | AC26: TESORERÍA | AD26: 46010 | AE26: NO GENERADO
A27: 2025 | B27: 45931 | C27: 45961 | D27: REGISTRO DE SENTENCIA DE DIVORCIO | E27: Directo | F27: POBLACION EN GENERAL | G27: Brindar a la poblacion la certeza jurídica de los actos y hechos relativos al estado civil de las personas, mediante el registro, resguardo y certificación de los actos que en términos de normatividad establece el Gobierno del Estado de México con eficacia, honradez, alto sentido humano y con la más alta calidad | H27: PRESENCIAL | I27: DIVORCIO, SENTENCIA DE DIVORCIO, ACTA DE NACIMIENTOS DE AMBOS Y ACTA DE MATRIMONIO | J27: DIVORCIO, SENTENCIA DE DIVORCIO, ACTA DE NACIMIENTOS DE AMBOS Y ACTA DE MATRIMONIO | K27: http://www.cegaipslp.org.mx/HV2024Dos.nsf/nombre_de_la_vista/90633E95FCC22C4106258BD200601F7C/$File/RECIBO+2024-2027.pdf | L27: 45656 | M27: 1HORA | N27: 15 DIAS | O27: 15 DIAS | P27: 1 DIA | Q27: =Tabla_549847!A23 -> 20 | R27: EL OBJETIVO ES QUE SE RESPETE Y SE LLEVEN ACABO LOS PERMISOS OTORGADOS EN EL SERVICIO | S27: 100.69 | T27: DECRETO 0126.- Se EXPIDE la Ley de Ingresos para el Municipio de Venado, S.L.P., para el ejercicio fiscal 2025. ARTICULO 28 FRACCION IV | U27: DEPARTAMENTO DE TESORERIA | V27: DECRETO 0126.- Se EXPIDE la Ley de Ingresos para el Municipio de Venado, S.L.P., para el ejercicio fiscal 2025. ARTICULO 28 FRACCION IV | W27: ACUDIR DIRECTAMENTE AL AREA DE SECRETARIA A DAR CONOCIMIENTO DEL SERVICIO NEGADO Y PODER DAR SEGUIMIENTO Y UNA RESPUESTA FAVORABLE AL USUARIO. | X27: DOCUMENTACION REQUERIDA EN EL TRAMITE | Y27: SIN INFORMACIÓN ADICIONAL QUE INFORMAR | Z27: =Tabla_566299!A23 -> 20 | AA27: =Tabla_549839!A23 -> 20 | AB27: https://catalogonacional.gob.mx/ | AC27: TESORERÍA | AD27: 46010 | AE27: NO GENERADO
A28: 2025 | B28: 45931 | C28: 45961 | D28: EXPEDICION DE CERTIFICACION DE ACTAS | E28: Directo | F28: POBLACION EN GENERAL | G28: Brindar a la poblacion la certeza jurídica de los actos y hechos relativos al estado civil de las personas, mediante el registro, resguardo y certificación de los actos que en términos de normatividad establece el Gobierno del Estado de México con eficacia, honradez, alto sentido humano y con la más alta calidad | H28: PRESENCIAL | I28: NOMBRE COMPLETO Y FECHA DE NACIMIENTO, CONYUGUE DE LA PERSONA A SOLICITAR EL ACTA,NOMBRE COMPLETO DE LOS CONTRAYENTES Y FECHA DE MATRIMONIO,NOMBRE COMPLETO Y FECHA DE DEFUNCION Y NOMBRE COMPLETO DE DIVORCIADOS Y FECHA, SEGÚN SEA EL TAMITE. | J28: NOMBRE COMPLETO Y FECHA DE NACIMIENTO, CONYUGUE DE LA PERSONA A SOLICITAR EL ACTA,NOMBRE COMPLETO DE LOS CONTRAYENTES Y FECHA DE MATRIMONIO,NOMBRE COMPLETO Y FECHA DE DEFUNCION Y NOMBRE COMPLETO DE DIVORCIADOS Y FECHA, SEGÚN SEA EL TAMITE. | K28: http://www.cegaipslp.org.mx/HV2024Dos.nsf/nombre_de_la_vista/90633E95FCC22C4106258BD200601F7C/$File/RECIBO+2024-2027.pdf | L28: 45656 | M28: 30 MUNUTOS | N28: 15 DIAS | O28: 15 DIAS | P28: 1 DIA | Q28: =Tabla_549847!A24 -> 21 | R28: EL OBJETIVO ES QUE SE RESPETE Y SE LLEVEN ACABO LOS PERMISOS OTORGADOS EN EL SERVICIO | S28: 44.12 | T28: DECRETO 0126.- Se EXPIDE la Ley de Ingresos para el Municipio de Venado, S.L.P., para el ejercicio fiscal 2025. ARTICULO 28 FRACCION V | U28: DEPARTAMENTO DE TESORERIA | V28: DECRETO 0126.- Se EXPIDE la Ley de Ingresos para el Municipio de Venado, S.L.P., para el ejercicio fiscal 2025. ARTICULO 28 FRACCION V | W28: ACUDIR DIRECTAMENTE AL AREA DE SECRETARIA A DAR CONOCIMIENTO DEL SERVICIO NEGADO Y PODER DAR SEGUIMIENTO Y UNA RESPUESTA FAVORABLE AL USUARIO. | X28: DOCUMENTACION REQUERIDA EN EL TRAMITE | Y28: SIN INFORMACIÓN ADICIONAL QUE INFORMAR | Z28: =Tabla_566299!A24 -> 21 | AA28: =Tabla_566299!A24 -> 21 | AB28: https://catalogonacional.gob.mx/ | AC28: TESORERÍA | AD28: 46010 | AE28: NO GENERADO
A29: 2025 | B29: 45931 | C29: 45961 | D29: OTROS REGISTOS DE ESTADO CIVIL | E29: Directo | F29: POBLACION EN GENERAL | G29: Brindar a la poblacion la certeza jurídica de los actos y hechos relativos al estado civil de las personas, mediante el registro, resguardo y certificación de los actos que en términos de normatividad establece el Gobierno del Estado de México con eficacia, honradez, alto sentido humano y con la más alta calidad | H29: PRESENCIAL | I29: NOMBRE COMPLETO Y FECHA EN QUE SE REALIZO EL TRAMITE DE LA PERSONA A SOLICITAR LA INFORMACION | J29: NOMBRE COMPLETO Y FECHA EN QUE SE REALIZO EL TRAMITE DE LA PERSONA A SOLICITAR LA INFORMACION | K29: http://www.cegaipslp.org.mx/HV2024Dos.nsf/nombre_de_la_vista/90633E95FCC22C4106258BD200601F7C/$File/RECIBO+2024-2027.pdf | L29: 45656 | M29: 30 MUNITOS | N29: 15 DIAS | O29: 15 DIAS | P29: 1 DIA | Q29: =Tabla_549847!A25 -> 22 | R29: EL OBJETIVO ES QUE SE RESPETE Y SE LLEVEN ACABO LOS PERMISOS OTORGADOS EN EL SERVICIO | S29: 75.8 | T29: DECRETO 0126.- Se EXPIDE la Ley de Ingresos para el Municipio de Venado, S.L.P., para el ejercicio fiscal 2025. ARTICULO 28 FRACCION VI | U29: DEPARTAMENTO DE TESORERIA | V29: DECRETO 0126.- Se EXPIDE la Ley de Ingresos para el Municipio de Venado, S.L.P., para el ejercicio fiscal 2025. ARTICULO 28 FRACCION VI | W29: ACUDIR DIRECTAMENTE AL AREA DE SECRETARIA A DAR CONOCIMIENTO DEL SERVICIO NEGADO Y PODER DAR SEGUIMIENTO Y UNA RESPUESTA FAVORABLE AL USUARIO. | X29: DOCUMENTACION REQUERIDA EN EL TRAMITE | Y29: SIN INFORMACIÓN ADICIONAL QUE INFORMAR | Z29: =Tabla_566299!A25 -> 22 | AA29: =Tabla_549839!A25 -> 22 | AB29: https://catalogonacional.gob.mx/ | AC29: TESORERÍA | AD29: 46010 | AE29: NO GENERADO
A30: 2025 | B30: 45931 | C30: 45961 | D30: BUSQUEDA DE DATOS | E30: Directo | F30: POBLACION EN GENERAL | G30: Brindar a la poblacion la certeza jurídica de los actos y hechos relativos al estado civil de las personas, mediante el registro, resguardo y certificación de los actos que en términos de normatividad establece el Gobierno del Estado de México con eficacia, honradez, alto sentido humano y con la más alta calidad | H30: PRESENCIAL | I30: NOMBRE COMPLETO Y FECHA EN QUE SE REALIZO EL TRAMITE DE LA PERSONA A SOLICITAR LA INFORMACION | J30: NOMBRE COMPLETO Y FECHA EN QUE SE REALIZO EL TRAMITE DE LA PERSONA A SOLICITAR LA INFORMACION | K30: http://www.cegaipslp.org.mx/HV2024Dos.nsf/nombre_de_la_vista/90633E95FCC22C4106258BD200601F7C/$File/RECIBO+2024-2027.pdf | L30: 45656 | M30: INMEDIATA | N30: 15 DIAS | O30: 15 DIAS | P30: 1 DIA | Q30: =Tabla_549847!A26 -> 23 | R30: EL OBJETIVO ES QUE SE RESPETE Y SE LLEVEN ACABO LOS PERMISOS OTORGADOS EN EL SERVICIO | S30: SIN COSTO | T30: DECRETO 0126.- Se EXPIDE la Ley de Ingresos para el Municipio de Venado, S.L.P., para el ejercicio fiscal 2025. | U30: DEPARTAMENTO DE TESORERIA | V30: DECRETO 0126.- Se EXPIDE la Ley de Ingresos para el Municipio de Venado, S.L.P., para el ejercicio fiscal 2025. | W30: ACUDIR DIRECTAMENTE AL AREA DE SECRETARIA A DAR CONOCIMIENTO DEL SERVICIO NEGADO Y PODER DAR SEGUIMIENTO Y UNA RESPUESTA FAVORABLE AL USUARIO. | X30: DOCUMENTACION REQUERIDA EN EL TRAMITE | Y30: SIN INFORMACIÓN ADICIONAL QUE INFORMAR | Z30: =Tabla_566299!A26 -> 23 | AA30: =Tabla_549839!A26 -> 23 | AB30: https://catalogonacional.gob.mx/ | AC30: TESORERÍA | AD30: 46010 | AE30: NO GENERADO
A31: 2025 | B31: 45931 | C31: 45961 | D31: ACTAS DE NACIMIENTO ESCOLAR | E31: Directo | F31: POBLACION EN GENERAL | G31: Brindar a la poblacion la certeza jurídica de los actos y hechos relativos al estado civil de las personas, mediante el registro, resguardo y certificación de los actos que en términos de normatividad establece el Gobierno del Estado de México con eficacia, honradez, alto sentido humano y con la más alta calidad | H31: PRESENCIAL | I31: NOMBRE COMPLETO Y FECHA DE NACIMIENTO DE LA PERSONA A SOLICITAR EL ACTA | J31: NOMBRE COMPLETO Y FECHA DE NACIMIENTO DE LA PERSONA A SOLICITAR EL ACTA | K31: http://www.cegaipslp.org.mx/HV2024Dos.nsf/nombre_de_la_vista/90633E95FCC22C4106258BD200601F7C/$File/RECIBO+2024-2027.pdf | L31: 45656 | M31: 30 MUNITOS | N31: 15 DIAS | O31: 15 DIAS | P31: 1 DIA | Q31: =Tabla_549847!A27 -> 24 | R31: EL OBJETIVO ES QUE SE RESPETE Y SE LLEVEN ACABO LOS PERMISOS OTORGADOS EN EL SERVICIO | S31: 31.68 | T31: DECRETO 0126.- Se EXPIDE la Ley de Ingresos para el Municipio de Venado, S.L.P., para el ejercicio fiscal 2025. ARTICULO 28 FRACCION FRACCION VIII | U31: DEPARTAMENTO DE TESORERIA | V31: DECRETO 0126.- Se EXPIDE la Ley de Ingresos para el Municipio de Venado, S.L.P., para el ejercicio fiscal 2025. ARTICULO 28 FRACCION FRACCION VIII | W31: ACUDIR DIRECTAMENTE AL AREA DE SECRETARIA A DAR CONOCIMIENTO DEL SERVICIO NEGADO Y PODER DAR SEGUIMIENTO Y UNA RESPUESTA FAVORABLE AL USUARIO. | X31: DOCUMENTACION REQUERIDA EN EL TRAMITE | Y31: SIN INFORMACIÓN ADICIONAL QUE INFORMAR | Z31: =Tabla_566299!A27 -> 24 | AA31: =Tabla_566299!A27 -> 24 | AB31: https://catalogonacional.gob.mx/ | AC31: TESORERÍA | AD31: 46010 | AE31: NO GENERADO
A32: 2025 | B32: 45931 | C32: 45961 | D32: INSCRIPCION DE ACTAS DE REGISTRO CIVIL RESPECTO DE ACTOS CELEBRADOS POR MEXICO, EN EL EXTRANJERO | E32: Directo | F32: POBLACION EN GENERAL | G32: Brindar a la poblacion la certeza jurídica de los actos y hechos relativos al estado civil de las personas, mediante el registro, resguardo y certificación de los actos que en términos de normatividad establece el Gobierno del Estado de México con eficacia, honradez, alto sentido humano y con la más alta calidad | H32: PRESENCIAL | I32: NOMBRE COMPLETO Y FECHA DE NACIMIENTO DE LA PERSONA A SOLICITAR EL ACTA | J32: NOMBRE COMPLETO Y FECHA DE NACIMIENTO DE LA PERSONA A SOLICITAR EL ACTA | K32: http://www.cegaipslp.org.mx/HV2024Dos.nsf/nombre_de_la_vista/90633E95FCC22C4106258BD200601F7C/$File/RECIBO+2024-2027.pdf | L32: 45656 | M32: 1 HORA | N32: 15 DIAS | O32: 15 DIAS | P32: 1 DIA | Q32: =Tabla_549847!A28 -> 25 | R32: EL OBJETIVO ES QUE SE RESPETE Y SE LLEVEN ACABO LOS PERMISOS OTORGADOS EN EL SERVICIO | S32: 100.69 | T32: DECRETO 0126.- Se EXPIDE la Ley de Ingresos para el Municipio de Venado, S.L.P., para el ejercicio fiscal 2025. ARTICULO 28 FRACCION IX | U32: DEPARTAMENTO DE TESORERIA | V32: DECRETO 0126.- Se EXPIDE la Ley de Ingresos para el Municipio de Venado, S.L.P., para el ejercicio fiscal 2025. ARTICULO 28 FRACCION IX | W32: ACUDIR DIRECTAMENTE AL AREA DE SECRETARIA A DAR CONOCIMIENTO DEL SERVICIO NEGADO Y PODER DAR SEGUIMIENTO Y UNA RESPUESTA FAVORABLE AL USUARIO. | X32: DOCUMENTACION REQUERIDA EN EL TRAMITE | Y32: SIN INFORMACIÓN ADICIONAL QUE INFORMAR | Z32: =Tabla_566299!A28 -> 25 | AA32: =Tabla_549839!A28 -> 25 | AB32: https://catalogonacional.gob.mx/ | AC32: TESORERÍA | AD32: 46010 | AE32: NO GENERADO
A33: 2025 | B33: 45931 | C33: 45961 | D33: REGISTRO EXTEMPORANEOS DE NACIMIENTO | E33: Directo | F33: POBLACION EN GENERAL | G33: Brindar a la poblacion la certeza jurídica de los actos y hechos relativos al estado civil de las personas, mediante el registro, resguardo y certificación de los actos que en términos de normatividad establece el Gobierno del Estado de México con eficacia, honradez, alto sentido humano y con la más alta calidad | H33: PRESENCIAL | I33: NOMBRE COMPLETO Y FECHA DE NACIMIENTO DE LA PERSONA A SOLICITAR EL ACTA | J33: NOMBRE COMPLETO Y FECHA DE NACIMIENTO DE LA PERSONA A SOLICITAR EL ACTA | K33: http://www.cegaipslp.org.mx/HV2024Dos.nsf/nombre_de_la_vista/90633E95FCC22C4106258BD200601F7C/$File/RECIBO+2024-2027.pdf | L33: 45656 | M33: 1 HORA | N33: 15 DIAS | O33: 15 DIAS | P33: 1 DIA | Q33: =Tabla_549847!A29 -> 26 | R33: EL OBJETIVO ES QUE SE RESPETE Y SE LLEVEN ACABO LOS PERMISOS OTORGADOS EN EL SERVICIO | S33: SIN COSTO | T33: DECRETO 0126.- Se EXPIDE la Ley de Ingresos para el Municipio de Venado, S.L.P., para el ejercicio fiscal 2025. | U33: DEPARTAMENTO DE TESORERIA | V33: DECRETO 0126.- Se EXPIDE la Ley de Ingresos para el Municipio de Venado, S.L.P., para el ejercicio fiscal 2025. | W33: ACUDIR DIRECTAMENTE AL AREA DE SECRETARIA A DAR CONOCIMIENTO DEL SERVICIO NEGADO Y PODER DAR SEGUIMIENTO Y UNA RESPUESTA FAVORABLE AL USUARIO. | X33: DOCUMENTACION REQUERIDA EN EL TRAMITE | Y33: SIN INFORMACIÓN ADICIONAL QUE INFORMAR | Z33: =Tabla_566299!A29 -> 26 | AA33: =Tabla_549839!A29 -> 26 | AB33: https://catalogonacional.gob.mx/ | AC33: TESORERÍA | AD33: 46010 | AE33: NO GENERADO
A34: 2025 | B34: 45931 | C34: 45961 | D34: RECONOCIMIENTOS DE HIJOS | E34: Directo | F34: POBLACION EN GENERAL | G34: Brindar a la poblacion la certeza jurídica de los actos y hechos relativos al estado civil de las personas, mediante el registro, resguardo y certificación de los actos que en términos de normatividad establece el Gobierno del Estado de México con eficacia, honradez, alto sentido humano y con la más alta calidad | H34: PRESENCIAL | I34: RECONOCIMIENTOS DE HIJOS, ACTA DE NACIMIENTO DE RECONOCIDO, ACTA DE NACIMIENTO DE RECONOCEDOR , CREDENCIAL ELECTOR Y DOS TESTIGOS | J34: RECONOCIMIENTOS DE HIJOS, ACTA DE NACIMIENTO DE RECONOCIDO, ACTA DE NACIMIENTO DE RECONOCEDOR , CREDENCIAL ELECTOR Y DOS TESTIGOS | K34: http://www.cegaipslp.org.mx/HV2024Dos.nsf/nombre_de_la_vista/90633E95FCC22C4106258BD200601F7C/$File/RECIBO+2024-2027.pdf | L34: 45656 | M34: 1 HORA | N34: 15 DIAS | O34: 15 DIAS | P34: 1 DIA | Q34: =Tabla_549847!A30 -> 27 | R34: EL OBJETIVO ES QUE SE RESPETE Y SE LLEVEN ACABO LOS PERMISOS OTORGADOS EN EL SERVICIO | S34: SIN COSTO | T34: DECRETO 0126.- Se EXPIDE la Ley de Ingresos para el Municipio de Venado, S.L.P., para el ejercicio fiscal 2025. | U34: DEPARTAMENTO DE TESORERIA | V34: DECRETO 0126.- Se EXPIDE la Ley de Ingresos para el Municipio de Venado, S.L.P., para el ejercicio fiscal 2025. | W34: ACUDIR DIRECTAMENTE AL AREA DE SECRETARIA A DAR CONOCIMIENTO DEL SERVICIO NEGADO Y PODER DAR SEGUIMIENTO Y UNA RESPUESTA FAVORABLE AL USUARIO. | X34: DOCUMENTACION REQUERIDA EN EL TRAMITE | Y34: SIN INFORMACIÓN ADICIONAL QUE INFORMAR | Z34: =Tabla_566299!A30 -> 27 | AA34: =Tabla_566299!A30 -> 27 | AB34: https://catalogonacional.gob.mx/ | AC34: TESORERÍA | AD34: 46010 | AE34: NO GENERADO
A35: 2025 | B35: 45931 | C35: 45961 | D35: ASIGANACION DE NOMENCLARURA | E35: Directo | F35: POBLACION EN GENERAL | G35: Brindar el servicio mediante el cual se verifica, rectifica y se asigna nomenclatura vial y domiciliaria a los inmuebles de la ciudad, que permite la ubicación exacta en el área urbana. | H35: PRESENCIAL | I35: IDENTIFICACION OFICIAL, PAGO PREDIAL | J35: IDENTIFICACION OFICIAL, PAGO PREDIAL | K35: http://www.cegaipslp.org.mx/HV2024Dos.nsf/nombre_de_la_vista/90633E95FCC22C4106258BD200601F7C/$File/RECIBO+2024-2027.pdf | L35: 45656 | M35: INMEDIATA | N35: 15 DIAS | O35: 15 DIAS | P35: 1 DIA | Q35: =Tabla_549847!A31 -> 28 | R35: EL OBJETIVO ES QUE SE RESPETE Y SE LLEVEN ACABO LOS PERMISOS OTORGADOS EN EL SERVICIO | S35: 56.57 | T35: DECRETO 0126.- Se EXPIDE la Ley de Ingresos para el Municipio de Venado, S.L.P., para el ejercicio fiscal 2025. ARTICULO 36 FRACCION I | U35: DEPARTAMENTO DE TESORERIA | V35: DECRETO 0126.- Se EXPIDE la Ley de Ingresos para el Municipio de Venado, S.L.P., para el ejercicio fiscal 2025. ARTICULO 36 FRACCION I | W35: ACUDIR DIRECTAMENTE AL AREA DE SECRETARIA A DAR CONOCIMIENTO DEL SERVICIO NEGADO Y PODER DAR SEGUIMIENTO Y UNA RESPUESTA FAVORABLE AL USUARIO. | X35: DOCUMENTACION REQUERIDA EN EL TRAMITE | Y35: SIN INFORMACIÓN ADICIONAL QUE INFORMAR | Z35: =Tabla_566299!A31 -> 28 | AA35: =Tabla_549839!A31 -> 28 | AB35: https://catalogonacional.gob.mx/ | AC35: TESORERÍA | AD35: 46010 | AE35: NO GENERADO
A36: 2025 | B36: 45931 | C36: 45961 | D36: CONSTANCIAS | E36: Directo | F36: POBLACION EN GENERAL | G36: Brindar a la ciudadania el servicio para solicitar documentos de carácter probatorio que no requiere solemnidad, puede ser personal. | H36: PRESENCIAL | I36: IDENTIFICCION OFICIAL | J36: IDENTIFICCION OFICIAL | K36: http://www.cegaipslp.org.mx/HV2024Dos.nsf/nombre_de_la_vista/90633E95FCC22C4106258BD200601F7C/$File/RECIBO+2024-2027.pdf | L36: 45656 | M36: INMEDIATA | N36: 15 DIAS | O36: 15 DIAS | P36: 15 DIAS | Q36: =Tabla_549847!A32 -> 29 | R36: EL OBJETIVO ES QUE SE RESPETE Y SE LLEVEN ACABO LOS PERMISOS OTORGADOS EN EL SERVICIO | S36: 50.91 | T36: DECRETO 0126.- Se EXPIDE la Ley de Ingresos para el Municipio de Venado, S.L.P., para el ejercicio fiscal 2025. ARTICULO 38 FRACCION IV | U36: DEPARTAMENTO DE TESORERIA | V36: DECRETO 0126.- Se EXPIDE la Ley de Ingresos para el Municipio de Venado, S.L.P., para el ejercicio fiscal 2025. ARTICULO 38 FRACCION IV | W36: ACUDIR DIRECTAMENTE AL AREA DE SECRETARIA A DAR CONOCIMIENTO DEL SERVICIO NEGADO Y PODER DAR SEGUIMIENTO Y UNA RESPUESTA FAVORABLE AL USUARIO. | X36: DOCUMENTACION REQUERIDA EN EL TRAMITE | Y36: SIN INFORMACIÓN ADICIONAL QUE INFORMAR | Z36: =Tabla_566299!A32 -> 29 | AA36: =Tabla_549839!A32 -> 29 | AB36: https://catalogonacional.gob.mx/ | AC36: TESORERÍA | AD36: 46010 | AE36: NO GENERADO
A37: 2025 | B37: 45931 | C37: 45961 | D37: PERMISO DE BAILE EN DOMICILIO PARTICULAR | E37: Directo | F37: POBLACION EN GENERAL | G37: Brindar a la poblacion el servicio de permiso de baile en domicilio particular con la finalidada de que se lleve acabo el evento particular con la normatividad y documentacion que esto require | H37: PRESENCIAL | I37: SOLICITUD, IDETIFICACION OFICIAL | J37: SOLICITUD, IDETIFICACION OFICIAL | K37: http://www.cegaipslp.org.mx/HV2024Dos.nsf/nombre_de_la_vista/90633E95FCC22C4106258BD200601F7C/$File/RECIBO+2024-2027.pdf | L37: 45656 | M37: INMEDIATA | N37: 15 DIAS | O37: 15 DIAS | P37: 1 DIA | Q37: =Tabla_549847!A33 -> 30 | R37: EL OBJETIVO ES QUE SE RESPETE Y SE LLEVEN ACABO LOS PERMISOS OTORGADOS EN EL SERVICIO | S37: 252.3 | T37: DECRETO 0126.- Se EXPIDE la Ley de Ingresos para el Municipio de Venado, S.L.P., para el ejercicio fiscal 2025. ARTICULO 38 FRACCION VII INCISO D) | U37: DEPARTAMENTO DE TESORERIA | V37: DECRETO 0126.- Se EXPIDE la Ley de Ingresos para el Municipio de Venado, S.L.P., para el ejercicio fiscal 2025. ARTICULO 38 FRACCION VII INCISO D) | W37: ACUDIR DIRECTAMENTE AL AREA DE SECRETARIA A DAR CONOCIMIENTO DEL SERVICIO NEGADO Y PODER DAR SEGUIMIENTO Y UNA RESPUESTA FAVORABLE AL USUARIO. | X37: DOCUMENTACION REQUERIDA EN EL TRAMITE | Y37: SIN INFORMACIÓN ADICIONAL QUE INFORMAR | Z37: =Tabla_566299!A33 -> 30 | AA37: =Tabla_566299!A33 -> 30 | AB37: https://catalogonacional.gob.mx/ | AC37: TESORERÍA | AD37: 46010 | AE37: NO GENERADO
A38: 2025 | B38: 45931 | C38: 45961 | D38: REGISTRO Y/O REFRENDO DE FIERRO Y SEÑAL DE SANGRE DE GANADO | E38: Directo | F38: POBLACION EN GENERAL | G38: Brindar el servicio a la poblacion con el objetivo de acreditar que el interesado es dueño del ganado cuyo fierro, ha quedado inscrito en el Libro de Registro de Fierros para Herrar Ganado | H38: PRESENCIAL | I38: SOLICITUD Y REFRENDO ANTERIOR | J38: SOLICITUD Y REFRENDO ANTERIOR | K38: http://www.cegaipslp.org.mx/HV2024Dos.nsf/nombre_de_la_vista/90633E95FCC22C4106258BD200601F7C/$File/RECIBO+2024-2027.pdf | L38: 45656 | M38: INMEDIATA | N38: 15 DIAS | O38: 15 DIAS | P38: 1 AÑO | Q38: =Tabla_549847!A34 -> 31 | R38: EL OBJETIVO ES QUE SE RESPETE Y SE LLEVEN ACABO LOS PERMISOS OTORGADOS EN EL SERVICIO | S38: 56.57 | T38: DECRETO 0126.- Se EXPIDE la Ley de Ingresos para el Municipio de Venado, S.L.P., para el ejercicio fiscal 2025. ARTICULO 38 FRACCION VIII | U38: DEPARTAMENTO DE TESORERIA | V38: DECRETO 0126.- Se EXPIDE la Ley de Ingresos para el Municipio de Venado, S.L.P., para el ejercicio fiscal 2025. ARTICULO 38 FRACCION VIII | W38: ACUDIR DIRECTAMENTE AL AREA DE SECRETARIA A DAR CONOCIMIENTO DEL SERVICIO NEGADO Y PODER DAR SEGUIMIENTO Y UNA RESPUESTA FAVORABLE AL USUARIO. | X38: DOCUMENTACION REQUERIDA EN EL TRAMITE | Y38: SIN INFORMACIÓN ADICIONAL QUE INFORMAR | Z38: =Tabla_566299!A34 -> 31 | AA38: =Tabla_549839!A34 -> 31 | AB38: https://catalogonacional.gob.mx/ | AC38: TESORERÍA | AD38: 46010 | AE38: NO GENERADO
A39: 2025 | B39: 45931 | C39: 45961 | D39: TRASLADO DE PACIENTE | E39: Directo | F39: POBLACION EN GENERAL | G39: Brindar a ala poblacion el traslado de pacientes para la continuidad de cuidados asistenciales con la máxima seguridad y calidad para el paciente | H39: PRESENCIAL | I39: SOLICITUD Y CITAS MEDICAS | J39: SOLICITUD Y CITAS MEDICAS | K39: http://www.cegaipslp.org.mx/HV2024Dos.nsf/nombre_de_la_vista/90633E95FCC22C4106258BD200601F7C/$File/RECIBO+2024-2027.pdf | L39: 45656 | M39: INMEDIATA | N39: 15 DIAS | O39: 15 DIAS | P39: 1 DIA | Q39: =Tabla_549847!A35 -> 32 | R39: EL OBJETIVO ES QUE SE RESPETE Y SE LLEVEN ACABO LOS PERMISOS OTORGADOS EN EL SERVICIO | S39: 600 | T39: DECRETO 0126.- Se EXPIDE la Ley de Ingresos para el Municipio de Venado, S.L.P., para el ejercicio fiscal 2025. ARTICULO 41 FRACCION INCISO A) | U39: DEPARTAMENTO DE TESORERIA | V39: DECRETO 0126.- Se EXPIDE la Ley de Ingresos para el Municipio de Venado, S.L.P., para el ejercicio fiscal 2025. ARTICULO 41 FRACCION INCISO A) | W39: ACUDIR DIRECTAMENTE AL AREA DE SECRETARIA A DAR CONOCIMIENTO DEL SERVICIO NEGADO Y PODER DAR SEGUIMIENTO Y UNA RESPUESTA FAVORABLE AL USUARIO. | X39: DOCUMENTACION REQUERIDA EN EL TRAMITE | Y39: SIN INFORMACIÓN ADICIONAL QUE INFORMAR | Z39: =Tabla_566299!A35 -> 32 | AA39: =Tabla_549839!A35 -> 32 | AB39: https://catalogonacional.gob.mx/ | AC39: TESORERÍA | AD39: 46010 | AE39: NO GENERADO
A40: 2025 | B40: 45931 | C40: 45961 | D40: TRASLADO A CONSULTA MEDICA | E40: Directo | F40: POBLACION EN GENERAL | G40: Brindar a ala poblacion el traslado de pacientes para la continuidad de cuidados asistenciales con la máxima seguridad y calidad para el paciente | H40: PRESENCIAL | I40: SOLICITUD Y CITAS MEDICAS | J40: SOLICITUD Y CITAS MEDICAS | K40: http://www.cegaipslp.org.mx/HV2024Dos.nsf/nombre_de_la_vista/90633E95FCC22C4106258BD200601F7C/$File/RECIBO+2024-2027.pdf | L40: 45656 | M40: INMEDIATA | N40: 15 DIAS | O40: 15 DIAS | P40: 1 DIA | Q40: =Tabla_549847!A36 -> 33 | R40: EL OBJETIVO ES QUE SE RESPETE Y SE LLEVEN ACABO LOS PERMISOS OTORGADOS EN EL SERVICIO | S40: 600 | T40: DECRETO 0126.- Se EXPIDE la Ley de Ingresos para el Municipio de Venado, S.L.P., para el ejercicio fiscal 2025. ARTICULO 41 FRACCION INCISO B) | U40: DEPARTAMENTO DE TESORERIA | V40: DECRETO 0126.- Se EXPIDE la Ley de Ingresos para el Municipio de Venado, S.L.P., para el ejercicio fiscal 2025. ARTICULO 41 FRACCION INCISO B) | W40: ACUDIR DIRECTAMENTE AL AREA DE SECRETARIA A DAR CONOCIMIENTO DEL SERVICIO NEGADO Y PODER DAR SEGUIMIENTO Y UNA RESPUESTA FAVORABLE AL USUARIO. | X40: DOCUMENTACION REQUERIDA EN EL TRAMITE | Y40: SIN INFORMACIÓN ADICIONAL QUE INFORMAR | Z40: =Tabla_566299!A36 -> 33 | AA40: =Tabla_566299!A36 -> 33 | AB40: https://catalogonacional.gob.mx/ | AC40: TESORERÍA | AD40: 46010 | AE40: NO GENERADO
A41: 2025 | B41: 45931 | C41: 45961 | D41: PERSONA CON DISCAPACIDAD, DE ESCASOS RECURSOS Y ADULTO MAYOR DE 60 AÑOS DESCUENTA DEL 50 % | E41: Directo | F41: POBLACION EN GENERAL | G41: Brindar a ala poblacion el traslado de pacientes para la continuidad de cuidados asistenciales con la máxima seguridad y calidad para el paciente | H41: PRESENCIAL | I41: SOLICITUD Y CITAS MEDICAS | J41: SOLICITUD Y CITAS MEDICAS | K41: http://www.cegaipslp.org.mx/HV2024Dos.nsf/nombre_de_la_vista/90633E95FCC22C4106258BD200601F7C/$File/RECIBO+2024-2027.pdf | L41: 45656 | M41: INMEDIATA | N41: 15 DIAS | O41: 15 DIAS | P41: 1 DIA | Q41: =Tabla_549847!A37 -> 34 | R41: EL OBJETIVO ES QUE SE RESPETE Y SE LLEVEN ACABO LOS PERMISOS OTORGADOS EN EL SERVICIO | S41: 50% DE DESCUENTO | T41: DECRETO 0126.- Se EXPIDE la Ley de Ingresos para el Municipio de Venado, S.L.P., para el ejercicio fiscal 2025. | U41: DEPARTAMENTO DE TESORERIA | V41: DECRETO 0126.- Se EXPIDE la Ley de Ingresos para el Municipio de Venado, S.L.P., para el ejercicio fiscal 2025. | W41: ACUDIR DIRECTAMENTE AL AREA DE SECRETARIA A DAR CONOCIMIENTO DEL SERVICIO NEGADO Y PODER DAR SEGUIMIENTO Y UNA RESPUESTA FAVORABLE AL USUARIO. | X41: DOCUMENTACION REQUERIDA EN EL TRAMITE | Y41: SIN INFORMACIÓN ADICIONAL QUE INFORMAR | Z41: =Tabla_566299!A37 -> 34 | AA41: =Tabla_549839!A37 -> 34 | AB41: https://catalogonacional.gob.mx/ | AC41: TESORERÍA | AD41: 46010 | AE41: NO GENERADO
A42: 2025 | B42: 45931 | C42: 45961 | D42: AUDITORIO MUNICIPAL EVENTO FAMILIAR | E42: Directo | F42: POBLACION EN GENERAL | G42: Brindar a la poblacion el servicio de permiso de baile en domicilio particular con la finalidada de que se lleve acabo el evento social con la normatividad y documentacion que esto require | H42: PRESENCIAL | I42: SOLICITUD, IDETIFICACION OFICIAL (ANTICIPO ) | J42: SOLICITUD, IDETIFICACION OFICIAL (ANTICIPO ) | K42: http://www.cegaipslp.org.mx/HV2024Dos.nsf/nombre_de_la_vista/90633E95FCC22C4106258BD200601F7C/$File/RECIBO+2024-2027.pdf | L42: 45656 | M42: INMEDIATA | N42: 15 DIAS | O42: 15 DIAS | P42: 1 DIA | Q42: =Tabla_549847!A38 -> 35 | R42: EL OBJETIVO ES QUE SE RESPETE Y SE LLEVEN ACABO LOS PERMISOS OTORGADOS EN EL SERVICIO | S42: 2234.52 | T42: DECRETO 0126.- Se EXPIDE la Ley de Ingresos para el Municipio de Venado, S.L.P., para el ejercicio fiscal 2025. ARTICULO 42 FRACCION IV INCISO A) | U42: DEPARTAMENTO DE TESORERIA | V42: DECRETO 0126.- Se EXPIDE la Ley de Ingresos para el Municipio de Venado, S.L.P., para el ejercicio fiscal 2025. ARTICULO 42 FRACCION IV INCISO A) | W42: ACUDIR DIRECTAMENTE AL AREA DE SECRETARIA A DAR CONOCIMIENTO DEL SERVICIO NEGADO Y PODER DAR SEGUIMIENTO Y UNA RESPUESTA FAVORABLE AL USUARIO. | X42: DOCUMENTACION REQUERIDA EN EL TRAMITE | Y42: SIN INFORMACIÓN ADICIONAL QUE INFORMAR | Z42: =Tabla_566299!A38 -> 35 | AA42: =Tabla_549839!A38 -> 35 | AB42: https://catalogonacional.gob.mx/ | AC42: TESORERÍA | AD42: 46010 | AE42: NO GENERADO
A43: 2025 | B43: 45931 | C43: 45961 | D43: AUDITORIO MUNICIPAL BAILE, DISCO, GRADUACION, ETC. | E43: Directo | F43: POBLACION EN GENERAL | G43: Brindar a la poblacion el servicio de permiso de baile en domicilio particular con la finalidada de que se lleve acabo el evento particular con la normatividad y documentacion que esto require | H43: PRESENCIAL | I43: SOLICITUD, IDETIFICACION OFICIAL (ANTICIPO ) | J43: SOLICITUD, IDETIFICACION OFICIAL (ANTICIPO ) | K43: http://www.cegaipslp.org.mx/HV2024Dos.nsf/nombre_de_la_vista/90633E95FCC22C4106258BD200601F7C/$File/RECIBO+2024-2027.pdf | L43: 45656 | M43: INMEDIATA | N43: 15 DIAS | O43: 15 DIAS | P43: 1 DIA | Q43: =Tabla_549847!A39 -> 36 | R43: EL OBJETIVO ES QUE SE RESPETE Y SE LLEVEN ACABO LOS PERMISOS OTORGADOS EN EL SERVICIO | S43: 3724.57 | T43: DECRETO 0126.- Se EXPIDE la Ley de Ingresos para el Municipio de Venado, S.L.P., para el ejercicio fiscal 2025. ARTICULO 42 FRACCION FRACCION IV INCISO A) | U43: DEPARTAMENTO DE TESORERIA | V43: DECRETO 0126.- Se EXPIDE la Ley de Ingresos para el Municipio de Venado, S.L.P., para el ejercicio fiscal 2025. ARTICULO 42 FRACCION FRACCION IV INCISO A) | W43: ACUDIR DIRECTAMENTE AL AREA DE SECRETARIA A DAR CONOCIMIENTO DEL SERVICIO NEGADO Y PODER DAR SEGUIMIENTO Y UNA RESPUESTA FAVORABLE AL USUARIO. | X43: DOCUMENTACION REQUERIDA EN EL TRAMITE | Y43: SIN INFORMACIÓN ADICIONAL QUE INFORMAR | Z43: =Tabla_566299!A39 -> 36 | AA43: =Tabla_566299!A39 -> 36 | AB43: https://catalogonacional.gob.mx/ | AC43: TESORERÍA | AD43: 46010 | AE43: NO GENERADO
A44: 2025 | B44: 45931 | C44: 45961 | D44: CANCHA DE BASQUETBOL(DUELA MUNICIPAL) | E44: Directo | F44: POBLACION EN GENERAL | G44: Promocionar y facilitar la práctica deportiva a todos los niveles | H44: PRESENCIAL | I44: SOLICITUD, IDETIFICACION OFICIAL (ANTICIPO ) | J44: SOLICITUD, IDETIFICACION OFICIAL (ANTICIPO ) | K44: http://www.cegaipslp.org.mx/HV2024Dos.nsf/nombre_de_la_vista/90633E95FCC22C4106258BD200601F7C/$File/RECIBO+2024-2027.pdf | L44: 45656 | M44: INMEDIATA | N44: 15 DIAS | O44: 15 DIAS | P44: 1 DIA | Q44: =Tabla_549847!A40 -> 37 | R44: EL OBJETIVO ES QUE SE RESPETE Y SE LLEVEN ACABO LOS PERMISOS OTORGADOS EN EL SERVICIO | S44: 567.96 | T44: DECRETO 0126.- Se EXPIDE la Ley de Ingresos para el Municipio de Venado, S.L.P., para el ejercicio fiscal 2025. ARTICULO 42 FRACCION IV INCISO B) | U44: DEPARTAMENTO DE TESORERIA | V44: DECRETO 0126.- Se EXPIDE la Ley de Ingresos para el Municipio de Venado, S.L.P., para el ejercicio fiscal 2025. ARTICULO 42 FRACCION IV INCISO B) | W44: ACUDIR DIRECTAMENTE AL AREA DE SECRETARIA A DAR CONOCIMIENTO DEL SERVICIO NEGADO Y PODER DAR SEGUIMIENTO Y UNA RESPUESTA FAVORABLE AL USUARIO. | X44: DOCUMENTACION REQUERIDA EN EL TRAMITE | Y44: SIN INFORMACIÓN ADICIONAL QUE INFORMAR | Z44: =Tabla_566299!A40 -> 37 | AA44: =Tabla_549839!A40 -> 37 | AB44: https://catalogonacional.gob.mx/ | AC44: TESORERÍA | AD44: 46010 | AE44: NO GENERADO
A45: 2025 | B45: 45931 | C45: 45961 | D45: PALAPA MUNICIPAL | E45: Directo | F45: POBLACION EN GENERAL | G45: Promocionar y facilitar la práctica deportiva a todos los niveles | H45: PRESENCIAL | I45: SOLICITUD, IDETIFICACION OFICIAL (ANTICIPO ) | J45: SOLICITUD, IDETIFICACION OFICIAL (ANTICIPO ) | K45: http://www.cegaipslp.org.mx/HV2024Dos.nsf/nombre_de_la_vista/90633E95FCC22C4106258BD200601F7C/$File/RECIBO+2024-2027.pdf | L45: 45656 | M45: INMEDIATA | N45: 15 DIAS | O45: 15 DIAS | P45: 1 DIA | Q45: =Tabla_549847!A41 -> 38 | R45: EL OBJETIVO ES QUE SE RESPETE Y SE LLEVEN ACABO LOS PERMISOS OTORGADOS EN EL SERVICIO | S45: 479.71 | T45: DECRETO 0126.- Se EXPIDE la Ley de Ingresos para el Municipio de Venado, S.L.P., para el ejercicio fiscal 2025. ARTICULO 42 FRACCION IV INCISO C) | U45: DEPARTAMENTO DE TESORERIA | V45: DECRETO 0126.- Se EXPIDE la Ley de Ingresos para el Municipio de Venado, S.L.P., para el ejercicio fiscal 2025. ARTICULO 42 FRACCION IV INCISO C) | W45: ACUDIR DIRECTAMENTE AL AREA DE SECRETARIA A DAR CONOCIMIENTO DEL SERVICIO NEGADO Y PODER DAR SEGUIMIENTO Y UNA RESPUESTA FAVORABLE AL USUARIO. | X45: DOCUMENTACION REQUERIDA EN EL TRAMITE | Y45: SIN INFORMACIÓN ADICIONAL QUE INFORMAR | Z45: =Tabla_566299!A41 -> 38 | AA45: =Tabla_549839!A41 -> 38 | AB45: https://catalogonacional.gob.mx/ | AC45: TESORERÍA | AD45: 46010 | AE45: NO GENERADO
A46: 2025 | B46: 45931 | C46: 45961 | D46: POLIDEPORTIVO | E46: Directo | F46: POBLACION EN GENERAL | G46: Promocionar y facilitar la práctica deportiva a todos los niveles | H46: PRESENCIAL | I46: SOLICITUD, IDETIFICACION OFICIAL (ANTICIPO ) | J46: SOLICITUD, IDETIFICACION OFICIAL (ANTICIPO ) | K46: http://www.cegaipslp.org.mx/HV2024Dos.nsf/nombre_de_la_vista/90633E95FCC22C4106258BD200601F7C/$File/RECIBO+2024-2027.pdf | L46: 45656 | M46: INMEDIATA | N46: 15 DIAS | O46: 15 DIAS | P46: 1 DIA | Q46: =Tabla_549847!A42 -> 39 | R46: EL OBJETIVO ES QUE SE RESPETE Y SE LLEVEN ACABO LOS PERMISOS OTORGADOS EN EL SERVICIO | S46: 252.3 | T46: DECRETO 0126.- Se EXPIDE la Ley de Ingresos para el Municipio de Venado, S.L.P., para el ejercicio fiscal 2025. ARTICULO 42 FRACCION IV INCISO D) | U46: DEPARTAMENTO DE TESORERIA | V46: DECRETO 0126.- Se EXPIDE la Ley de Ingresos para el Municipio de Venado, S.L.P., para el ejercicio fiscal 2025. ARTICULO 42 FRACCION IV INCISO D) | W46: ACUDIR DIRECTAMENTE AL AREA DE SECRETARIA A DAR CONOCIMIENTO DEL SERVICIO NEGADO Y PODER DAR SEGUIMIENTO Y UNA RESPUESTA FAVORABLE AL USUARIO. | X46: DOCUMENTACION REQUERIDA EN EL TRAMITE | Y46: SIN INFORMACIÓN ADICIONAL QUE INFORMAR | Z46: =Tabla_566299!A42 -> 39 | AA46: =Tabla_566299!A42 -> 39 | AB46: https://catalogonacional.gob.mx/ | AC46: TESORERÍA | AD46: 46010 | AE46: NO GENERADO
A47: 2025 | B47: 45931 | C47: 45961 | D47: GIMNACIO MUNICIPAL | E47: Directo | F47: POBLACION EN GENERAL | G47: Promocionar y facilitar la práctica deportiva a todos los niveles | H47: PRESENCIAL | I47: NINGUNA | J47: NINGUNA | K47: http://www.cegaipslp.org.mx/HV2024Dos.nsf/nombre_de_la_vista/90633E95FCC22C4106258BD200601F7C/$File/RECIBO+2024-2027.pdf | L47: 45656 | M47: INMEDIATA | N47: 15 DIAS | O47: 15 DIAS | P47: 1 DIA | Q47: =Tabla_549847!A43 -> 40 | R47: EL OBJETIVO ES QUE SE RESPETE Y SE LLEVEN ACABO LOS PERMISOS OTORGADOS EN EL SERVICIO | S47: 11.31 | T47: DECRETO 0126.- Se EXPIDE la Ley de Ingresos para el Municipio de Venado, S.L.P., para el ejercicio fiscal 2025. ARTICULO 42 FRACCION IV INCISO E) | U47: DEPARTAMENTO DE TESORERIA | V47: DECRETO 0126.- Se EXPIDE la Ley de Ingresos para el Municipio de Venado, S.L.P., para el ejercicio fiscal 2025. ARTICULO 42 FRACCION IV INCISO E) | W47: ACUDIR DIRECTAMENTE AL AREA DE SECRETARIA A DAR CONOCIMIENTO DEL SERVICIO NEGADO Y PODER DAR SEGUIMIENTO Y UNA RESPUESTA FAVORABLE AL USUARIO. | X47: DOCUMENTACION REQUERIDA EN EL TRAMITE | Y47: SIN INFORMACIÓN ADICIONAL QUE INFORMAR | Z47: =Tabla_566299!A43 -> 40 | AA47: =Tabla_549839!A43 -> 40 | AB47: https://catalogonacional.gob.mx/ | AC47: TESORERÍA | AD47: 46010 | AE47: NO GENERADO
A48: 2025 | B48: 45931 | C48: 45961 | D48: GIMNACIO MUNICIPAL QUIEN LO DESE PUEDE PAGAR LA CUOTA MENSUAL | E48: Directo | F48: POBLACION EN GENERAL | G48: Promocionar y facilitar la práctica deportiva a todos los niveles | H48: PRESENCIAL | I48: NINGUNA | J48: NINGUNA | K48: http://www.cegaipslp.org.mx/HV2024Dos.nsf/nombre_de_la_vista/90633E95FCC22C4106258BD200601F7C/$File/RECIBO+2024-2027.pdf | L48: 45656 | M48: INMEDIATA | N48: 15 DIAS | O48: 15 DIAS | P48: 30 DIAS | Q48: =Tabla_549847!A44 -> 41 | R48: EL OBJETIVO ES QUE SE RESPETE Y SE LLEVEN ACABO LOS PERMISOS OTORGADOS EN EL SERVICIO | S48: 126.72 | T48: DECRETO 0126.- Se EXPIDE la Ley de Ingresos para el Municipio de Venado, S.L.P., para el ejercicio fiscal 2025. ARTICULO 42 FRACCION IV INCISO E) | U48: DEPARTAMENTO DE TESORERIA | V48: DECRETO 0126.- Se EXPIDE la Ley de Ingresos para el Municipio de Venado, S.L.P., para el ejercicio fiscal 2025. ARTICULO 42 FRACCION IV INCISO E) | W48: ACUDIR DIRECTAMENTE AL AREA DE SECRETARIA A DAR CONOCIMIENTO DEL SERVICIO NEGADO Y PODER DAR SEGUIMIENTO Y UNA RESPUESTA FAVORABLE AL USUARIO. | X48: DOCUMENTACION REQUERIDA EN EL TRAMITE | Y48: SIN INFORMACIÓN ADICIONAL QUE INFORMAR | Z48: =Tabla_566299!A44 -> 41 | AA48: =Tabla_549839!A44 -> 41 | AB48: https://catalogonacional.gob.mx/ | AC48: TESORERÍA | AD48: 46010 | AE48: NO GENERADO
A49: 2025 | B49: 45931 | C49: 45961 | D49: SERVICIO DE PANTEONES INHUMACION A PERPETUIDAD CON BOVEDA | E49: Directo | F49: POBLACION EN GENERAL | G49: Los panteones constituyen un servicio público, cuyo funcionamiento, operación, vigilancia y organización está a cargo del municipio, otorga los servicios de Inhumacion, Exhumacion, Deposito de Restos Áridos y Cenizas a los ciudadanos que no cuenten con alguna propiedad dentro de los panteones particulares. | H49: PRESENCIAL | I49: NUMERO DE LOTE A SOLICITAR | J49: NUMERO DE LOTE A SOLICITAR | K49: http://www.cegaipslp.org.mx/HV2024Dos.nsf/nombre_de_la_vista/90633E95FCC22C4106258BD200601F7C/$File/RECIBO+2024-2027.pdf | L49: 45656 | M49: INMEDIATA | N49: 15 DIAS | O49: 15 DIAS | P49: TIEMPO INDEFINIDO | Q49: =Tabla_549847!A45 -> 42 | R49: EL OBJETIVO ES QUE SE RESPETE Y SE LLEVEN ACABO LOS PERMISOS OTORGADOS EN EL SERVICIO | S49: 791.98 | T49: DECRETO 0126.- Se EXPIDE la Ley de Ingresos para el Municipio de Venado, S.L.P., para el ejercicio fiscal 2025. ARTICULO 21 FRACCION I INCISO B) | U49: DEPARTAMENTO DE TESORERIA | V49: DECRETO 0126.- Se EXPIDE la Ley de Ingresos para el Municipio de Venado, S.L.P., para el ejercicio fiscal 2025. ARTICULO 21 FRACCION I INCISO B) | W49: ACUDIR DIRECTAMENTE AL AREA DE SECRETARIA A DAR CONOCIMIENTO DEL SERVICIO NEGADO Y PODER DAR SEGUIMIENTO Y UNA RESPUESTA FAVORABLE AL USUARIO. | X49: DOCUMENTACION REQUERIDA EN EL TRAMITE | Y49: SIN INFORMACIÓN ADICIONAL QUE INFORMAR | Z49: =Tabla_566299!A45 -> 42 | AA49: =Tabla_566299!A45 -> 42 | AB49: https://catalogonacional.gob.mx/ | AC49: TESORERÍA | AD49: 46010 | AE49: NO GENERADO
A50: 2025 | B50: 45931 | C50: 45961 | D50: SERVICIO DE PANTEONES INHUMACION A PERPETUIDAD SIN BOVEDA | E50: Directo | F50: POBLACION EN GENERAL | G50: Los panteones constituyen un servicio público, cuyo funcionamiento, operación, vigilancia y organización está a cargo del municipio, otorga los servicios de Inhumacion, Exhumacion, Deposito de Restos Áridos y Cenizas a los ciudadanos que no cuenten con alguna propiedad dentro de los panteones particulares. | H50: PRESENCIAL | I50: NUMERO DE LOTE A SOLICITAR | J50: NUMERO DE LOTE A SOLICITAR | K50: http://www.cegaipslp.org.mx/HV2024Dos.nsf/nombre_de_la_vista/90633E95FCC22C4106258BD200601F7C/$File/RECIBO+2024-2027.pdf | L50: 45656 | M50: INMEDIATA | N50: 15 DIAS | O50: 15 DIAS | P50: TIEMPO INDEFINIDO | Q50: =Tabla_549847!A46 -> 43 | R50: EL OBJETIVO ES QUE SE RESPETE Y SE LLEVEN ACABO LOS PERMISOS OTORGADOS EN EL SERVICIO | S50: 509.13 | T50: DECRETO 0126.- Se EXPIDE la Ley de Ingresos para el Municipio de Venado, S.L.P., para el ejercicio fiscal 2025. ARTICULO 21 FRACCION I INCISO B) | U50: DEPARTAMENTO DE TESORERIA | V50: DECRETO 0126.- Se EXPIDE la Ley de Ingresos para el Municipio de Venado, S.L.P., para el ejercicio fiscal 2025. ARTICULO 21 FRACCION I INCISO B) | W50: ACUDIR DIRECTAMENTE AL AREA DE SECRETARIA A DAR CONOCIMIENTO DEL SERVICIO NEGADO Y PODER DAR SEGUIMIENTO Y UNA RESPUESTA FAVORABLE AL USUARIO. | X50: DOCUMENTACION REQUERIDA EN EL TRAMITE | Y50: SIN INFORMACIÓN ADICIONAL QUE INFORMAR | Z50: =Tabla_566299!A46 -> 43 | AA50: =Tabla_549839!A46 -> 43 | AB50: https://catalogonacional.gob.mx/ | AC50: TESORERÍA | AD50: 46010 | AE50: NO GENERADO
A51: 2025 | B51: 45931 | C51: 45961 | D51: SERVICIO DE PANTEONES INHUMACION TEMPORAL CON BOVEDA | E51: Directo | F51: POBLACION EN GENERAL | G51: Los panteones constituyen un servicio público, cuyo funcionamiento, operación, vigilancia y organización está a cargo del municipio, otorga los servicios de Inhumacion, Exhumacion, Deposito de Restos Áridos y Cenizas a los ciudadanos que no cuenten con alguna propiedad dentro de los panteones particulares. | H51: PRESENCIAL | I51: NUMERO DE LOTE A SOLICITAR | J51: NUMERO DE LOTE A SOLICITAR | K51: http://www.cegaipslp.org.mx/HV2024Dos.nsf/nombre_de_la_vista/90633E95FCC22C4106258BD200601F7C/$File/RECIBO+2024-2027.pdf | L51: 45656 | M51: INMEDIATA | N51: 15 DIAS | O51: 15 DIAS | P51: TIEMPO INDEFINIDO | Q51: =Tabla_549847!A47 -> 44 | R51: EL OBJETIVO ES QUE SE RESPETE Y SE LLEVEN ACABO LOS PERMISOS OTORGADOS EN EL SERVICIO | S51: 791.98 | T51: DECRETO 0126.- Se EXPIDE la Ley de Ingresos para el Municipio de Venado, S.L.P., para el ejercicio fiscal 2025. ARTICULO 21 FRACCION I INCISO C) | U51: DEPARTAMENTO DE TESORERIA | V51: DECRETO 0126.- Se EXPIDE la Ley de Ingresos para el Municipio de Venado, S.L.P., para el ejercicio fiscal 2025. ARTICULO 21 FRACCION I INCISO C) | W51: ACUDIR DIRECTAMENTE AL AREA DE SECRETARIA A DAR CONOCIMIENTO DEL SERVICIO NEGADO Y PODER DAR SEGUIMIENTO Y UNA RESPUESTA FAVORABLE AL USUARIO. | X51: DOCUMENTACION REQUERIDA EN EL TRAMITE | Y51: SIN INFORMACIÓN ADICIONAL QUE INFORMAR | Z51: =Tabla_566299!A47 -> 44 | AA51: =Tabla_549839!A47 -> 44 | AB51: https://catalogonacional.gob.mx/ | AC51: TESORERÍA | AD51: 46010 | AE51: NO GENERADO
A52: 2025 | B52: 45931 | C52: 45961 | D52: SERVICIO DE PANTEONES VENTA DE LOTES EN PANTEON MUNICIPAL | E52: Directo | F52: POBLACION EN GENERAL | G52: Los panteones constituyen un servicio público, cuyo funcionamiento, operación, vigilancia y organización está a cargo del municipio, otorga los servicios de Inhumacion, Exhumacion, Deposito de Restos Áridos y Cenizas a los ciudadanos que no cuenten con alguna propiedad dentro de los panteones particulares. | H52: PRESENCIAL | I52: NUMERO DE LOTE A SOLICITAR | J52: NUMERO DE LOTE A SOLICITAR | K52: http://www.cegaipslp.org.mx/HV2024Dos.nsf/nombre_de_la_vista/90633E95FCC22C4106258BD200601F7C/$File/RECIBO+2024-2027.pdf | L52: 45656 | M52: INMEDIATA | N52: 15 DIAS | O52: 15 DIAS | P52: TIEMPO INDEFINIDO | Q52: =Tabla_549847!A48 -> 45 | R52: EL OBJETIVO ES QUE SE RESPETE Y SE LLEVEN ACABO LOS PERMISOS OTORGADOS EN EL SERVICIO | S52: 791.98 | T52: DECRETO 0126.- Se EXPIDE la Ley de Ingresos para el Municipio de Venado, S.L.P., para el ejercicio fiscal 2025. ARTICULO 21 FRACCION I INCISO D) | U52: DEPARTAMENTO DE TESORERIA | V52: DECRETO 0126.- Se EXPIDE la Ley de Ingresos para el Municipio de Venado, S.L.P., para el ejercicio fiscal 2025. ARTICULO 21 FRACCION I INCISO D) | W52: ACUDIR DIRECTAMENTE AL AREA DE SECRETARIA A DAR CONOCIMIENTO DEL SERVICIO NEGADO Y PODER DAR SEGUIMIENTO Y UNA RESPUESTA FAVORABLE AL USUARIO. | X52: DOCUMENTACION REQUERIDA EN EL TRAMITE | Y52: SIN INFORMACIÓN ADICIONAL QUE INFORMAR | Z52: =Tabla_566299!A48 -> 45 | AA52: =Tabla_566299!A48 -> 45 | AB52: https://catalogonacional.gob.mx/ | AC52: TESORERÍA | AD52: 46010 | AE52: NO GENERADO
A53: 2025 | B53: 45931 | C53: 45961 | D53: VIAJES DE AGUA CON PIPA DE 0.01 KM-5.00 KM | E53: Directo | F53: POBLACION EN GENERAL | G53: Brindar suministro de agua a las comunidades que no tienen acceso a ella, instalaciones educativas y fabricas para uso industrial que favorece al buen funcionamiento y desarrollo de actividades. | H53: PRESENCIAL | I53: SOLICITUD, IDENTIFICACION OFICIAL | J53: SOLICITUD, IDENTIFICACION OFICIAL | K53: http://www.cegaipslp.org.mx/HV2024Dos.nsf/nombre_de_la_vista/90633E95FCC22C4106258BD200601F7C/$File/RECIBO+2024-2027.pdf | L53: 45656 | M53: INMEDIATA | N53: 15 DIAS | O53: 15 DIAS | P53: 1 DIA | Q53: =Tabla_549847!A49 -> 46 | R53: EL OBJETIVO ES QUE SE RESPETE Y SE LLEVEN ACABO LOS PERMISOS OTORGADOS EN EL SERVICIO | S53: 334 | T53: DECRETO 0126.- Se EXPIDE la Ley de Ingresos para el Municipio de Venado, S.L.P., para el ejercicio fiscal 2025. ARTICULO 17 FRACCION I | U53: DEPARTAMENTO DE TESORERIA | V53: DECRETO 0126.- Se EXPIDE la Ley de Ingresos para el Municipio de Venado, S.L.P., para el ejercicio fiscal 2025. ARTICULO 17 FRACCION I | W53: ACUDIR DIRECTAMENTE AL AREA DE SECRETARIA A DAR CONOCIMIENTO DEL SERVICIO NEGADO Y PODER DAR SEGUIMIENTO Y UNA RESPUESTA FAVORABLE AL USUARIO. | X53: DOCUMENTACION REQUERIDA EN EL TRAMITE | Y53: SIN INFORMACIÓN ADICIONAL QUE INFORMAR | Z53: =Tabla_566299!A49 -> 46 | AA53: =Tabla_549839!A49 -> 46 | AB53: https://catalogonacional.gob.mx/ | AC53: TESORERÍA | AD53: 46010 | AE53: NO GENERADO
A54: 2025 | B54: 45931 | C54: 45961 | D54: VIAJES DE AGUA CON PIPA DE 5.01-10.00 KM | E54: Directo | F54: POBLACION EN GENERAL | G54: Brindar suministro de agua a las comunidades que no tienen acceso a ella, instalaciones educativas y fabricas para uso industrial que favorece al buen funcionamiento y desarrollo de actividades. | H54: PRESENCIAL | I54: SOLICITUD, IDENTIFICACION OFICIAL | J54: SOLICITUD, IDENTIFICACION OFICIAL | K54: http://www.cegaipslp.org.mx/HV2024Dos.nsf/nombre_de_la_vista/90633E95FCC22C4106258BD200601F7C/$File/RECIBO+2024-2027.pdf | L54: 45656 | M54: INMEDIATA | N54: 15 DIAS | O54: 15 DIAS | P54: 1 DIA | Q54: =Tabla_549847!A50 -> 47 | R54: EL OBJETIVO ES QUE SE RESPETE Y SE LLEVEN ACABO LOS PERMISOS OTORGADOS EN EL SERVICIO | S54: 445 | T54: DECRETO 0126.- Se EXPIDE la Ley de Ingresos para el Municipio de Venado, S.L.P., para el ejercicio fiscal 2025. ARTICULO 17 FRACCION I | U54: DEPARTAMENTO DE TESORERIA | V54: DECRETO 0126.- Se EXPIDE la Ley de Ingresos para el Municipio de Venado, S.L.P., para el ejercicio fiscal 2025. ARTICULO 17 FRACCION I | W54: ACUDIR DIRECTAMENTE AL AREA DE SECRETARIA A DAR CONOCIMIENTO DEL SERVICIO NEGADO Y PODER DAR SEGUIMIENTO Y UNA RESPUESTA FAVORABLE AL USUARIO. | X54: DOCUMENTACION REQUERIDA EN EL TRAMITE | Y54: SIN INFORMACIÓN ADICIONAL QUE INFORMAR | Z54: =Tabla_566299!A50 -> 47 | AA54: =Tabla_549839!A50 -> 47 | AB54: https://catalogonacional.gob.mx/ | AC54: TESORERÍA | AD54: 46010 | AE54: NO GENERADO
A55: 2025 | B55: 45931 | C55: 45961 | D55: VIAJES DE AGUA CON PIPA 10.01-15.00 KM | E55: Directo | F55: POBLACION EN GENERAL | G55: Brindar suministro de agua a las comunidades que no tienen acceso a ella, instalaciones educativas y fabricas para uso industrial que favorece al buen funcionamiento y desarrollo de actividades. | H55: PRESENCIAL | I55: SOLICITUD, IDENTIFICACION OFICIAL | J55: SOLICITUD, IDENTIFICACION OFICIAL | K55: http://www.cegaipslp.org.mx/HV2024Dos.nsf/nombre_de_la_vista/90633E95FCC22C4106258BD200601F7C/$File/RECIBO+2024-2027.pdf | L55: 45656 | M55: INMEDIATA | N55: 15 DIAS | O55: 15 DIAS | P55: 1 DIA | Q55: =Tabla_549847!A51 -> 48 | R55: EL OBJETIVO ES QUE SE RESPETE Y SE LLEVEN ACABO LOS PERMISOS OTORGADOS EN EL SERVICIO | S55: 550 | T55: DECRETO 0126.- Se EXPIDE la Ley de Ingresos para el Municipio de Venado, S.L.P., para el ejercicio fiscal 2025. ARTICULO 17 FRACCION I | U55: DEPARTAMENTO DE TESORERIA | V55: DECRETO 0126.- Se EXPIDE la Ley de Ingresos para el Municipio de Venado, S.L.P., para el ejercicio fiscal 2025. ARTICULO 17 FRACCION I | W55: ACUDIR DIRECTAMENTE AL AREA DE SECRETARIA A DAR CONOCIMIENTO DEL SERVICIO NEGADO Y PODER DAR SEGUIMIENTO Y UNA RESPUESTA FAVORABLE AL USUARIO. | X55: DOCUMENTACION REQUERIDA EN EL TRAMITE | Y55: SIN INFORMACIÓN ADICIONAL QUE INFORMAR | Z55: =Tabla_566299!A51 -> 48 | AA55: =Tabla_566299!A51 -> 48 | AB55: https://catalogonacional.gob.mx/ | AC55: TESORERÍA | AD55: 46010 | AE55: NO GENERADO
A56: 2025 | B56: 45931 | C56: 45961 | D56: VIAJES DE AGUA CON PIPA 15.01-20.00 KM | E56: Directo | F56: POBLACION EN GENERAL | G56: Brindar suministro de agua a las comunidades que no tienen acceso a ella, instalaciones educativas y fabricas para uso industrial que favorece al buen funcionamiento y desarrollo de actividades. | H56: PRESENCIAL | I56: SOLICITUD, IDENTIFICACION OFICIAL | J56: SOLICITUD, IDENTIFICACION OFICIAL | K56: http://www.cegaipslp.org.mx/HV2024Dos.nsf/nombre_de_la_vista/90633E95FCC22C4106258BD200601F7C/$File/RECIBO+2024-2027.pdf | L56: 45656 | M56: INMEDIATA | N56: 15 DIAS | O56: 15 DIAS | P56: 1 DIA | Q56: =Tabla_549847!A52 -> 49 | R56: EL OBJETIVO ES QUE SE RESPETE Y SE LLEVEN ACABO LOS PERMISOS OTORGADOS EN EL SERVICIO | S56: 650 | T56: DECRETO 0126.- Se EXPIDE la Ley de Ingresos para el Municipio de Venado, S.L.P., para el ejercicio fiscal 2025. ARTICULO 17 FRACCION I | U56: DEPARTAMENTO DE TESORERIA | V56: DECRETO 0126.- Se EXPIDE la Ley de Ingresos para el Municipio de Venado, S.L.P., para el ejercicio fiscal 2025. ARTICULO 17 FRACCION I | W56: ACUDIR DIRECTAMENTE AL AREA DE SECRETARIA A DAR CONOCIMIENTO DEL SERVICIO NEGADO Y PODER DAR SEGUIMIENTO Y UNA RESPUESTA FAVORABLE AL USUARIO. | X56: DOCUMENTACION REQUERIDA EN EL TRAMITE | Y56: SIN INFORMACIÓN ADICIONAL QUE INFORMAR | Z56: =Tabla_566299!A52 -> 49 | AA56: =Tabla_549839!A52 -> 49 | AB56: https://catalogonacional.gob.mx/ | AC56: TESORERÍA | AD56: 46010 | AE56: NO GENERADO
A57: 2025 | B57: 45931 | C57: 45961 | D57: VIAJES DE AGUA CON PIPA 20.01 KM EN ADELANTE | E57: Directo | F57: POBLACION EN GENERAL | G57: Brindar suministro de agua a las comunidades que no tienen acceso a ella, instalaciones educativas y fabricas para uso industrial que favorece al buen funcionamiento y desarrollo de actividades. | H57: PRESENCIAL | I57: SOLICITUD, IDENTIFICACION OFICIAL | J57: SOLICITUD, IDENTIFICACION OFICIAL | K57: http://www.cegaipslp.org.mx/HV2024Dos.nsf/nombre_de_la_vista/90633E95FCC22C4106258BD200601F7C/$File/RECIBO+2024-2027.pdf | L57: 45656 | M57: INMEDIATA | N57: 15 DIAS | O57: 15 DIAS | P57: 1 DIA | Q57: =Tabla_549847!A53 -> 50 | R57: EL OBJETIVO ES QUE SE RESPETE Y SE LLEVEN ACABO LOS PERMISOS OTORGADOS EN EL SERVICIO | S57: 750 | T57: DECRETO 0126.- Se EXPIDE la Ley de Ingresos para el Municipio de Venado, S.L.P., para el ejercicio fiscal 2025. ARTICULO 17 FRACCION I | U57: DEPARTAMENTO DE TESORERIA | V57: DECRETO 0126.- Se EXPIDE la Ley de Ingresos para el Municipio de Venado, S.L.P., para el ejercicio fiscal 2025. ARTICULO 17 FRACCION I | W57: ACUDIR DIRECTAMENTE AL AREA DE SECRETARIA A DAR CONOCIMIENTO DEL SERVICIO NEGADO Y PODER DAR SEGUIMIENTO Y UNA RESPUESTA FAVORABLE AL USUARIO. | X57: DOCUMENTACION REQUERIDA EN EL TRAMITE | Y57: SIN INFORMACIÓN ADICIONAL QUE INFORMAR | Z57: =Tabla_566299!A53 -> 50 | AA57: =Tabla_549839!A53 -> 50 | AB57: https://catalogonacional.gob.mx/ | AC57: TESORERÍA | AD57: 46010 | AE57: NO GENERADO
A58: 2025 | B58: 45931 | C58: 45961 | D58: VIAJES DE AGUA CON PIPA PARA USO INDUSTRIAL | E58: Directo | F58: POBLACION EN GENERAL | G58: Brindar suministro de agua a las comunidades que no tienen acceso a ella, instalaciones educativas y fabricas para uso industrial que favorece al buen funcionamiento y desarrollo de actividades. | H58: PRESENCIAL | I58: SOLICITUD, IDENTIFICACION OFICIAL | J58: SOLICITUD, IDENTIFICACION OFICIAL | K58: http://www.cegaipslp.org.mx/HV2024Dos.nsf/nombre_de_la_vista/90633E95FCC22C4106258BD200601F7C/$File/RECIBO+2024-2027.pdf | L58: 45656 | M58: INMEDIATA | N58: 15 DIAS | O58: 15 DIAS | P58: 1 DIA | Q58: =Tabla_549847!A54 -> 51 | R58: EL OBJETIVO ES QUE SE RESPETE Y SE LLEVEN ACABO LOS PERMISOS OTORGADOS EN EL SERVICIO | S58: 954 | T58: DECRETO 0126.- Se EXPIDE la Ley de Ingresos para el Municipio de Venado, S.L.P., para el ejercicio fiscal 2025. ARTICULO 17 FRACCION III | U58: DEPARTAMENTO DE TESORERIA | V58: DECRETO 0126.- Se EXPIDE la Ley de Ingresos para el Municipio de Venado, S.L.P., para el ejercicio fiscal 2025. ARTICULO 17 FRACCION III | W58: ACUDIR DIRECTAMENTE AL AREA DE SECRETARIA A DAR CONOCIMIENTO DEL SERVICIO NEGADO Y PODER DAR SEGUIMIENTO Y UNA RESPUESTA FAVORABLE AL USUARIO. | X58: DOCUMENTACION REQUERIDA EN EL TRAMITE | Y58: SIN INFORMACIÓN ADICIONAL QUE INFORMAR | Z58: =Tabla_566299!A54 -> 51 | AA58: =Tabla_566299!A54 -> 51 | AB58: https://catalogonacional.gob.mx/ | AC58: TESORERÍA | AD58: 46010 | AE58: NO GENERADO

Sheet Hidden_1
A1: Directo
A2: Indirecto

Sheet Tabla_549847
B1: 2 | C1: 9 | D1: 1 | E1: 1 | F1: 1 | G1: 9 | H1: 1 | I1: 1 | J1: 1 | K1: 1 | L1: 1 | M1: 1 | N1: 9 | O1: 1 | P1: 2 | Q1: 1 | R1: 2 | S1: 1
B2: 70120 | C2: 70121 | D2: 70122 | E2: 70123 | F2: 70124 | G2: 70125 | H2: 70126 | I2: 70127 | J2: 70128 | K2: 70129 | L2: 70130 | M2: 70131 | N2: 70132 | O2: 70133 | P2: 70134 | Q2: 70135 | R2: 76071 | S2: 70137
A3: ID | B3: Denominación del o las áreas, y/o unidades administrativas del sujeto obligado en las que se proporciona el servicio | C3: Tipo de vialidad (catálogo) | D3: Nombre de vialidad [calle] | E3: Número exterior | F3: Número interior, en su caso | G3: Tipo de asentamiento humano (catálogo) | H3: Nombre de asentamiento humano [colonia] | I3: Clave de la localidad, | J3: Nombre de la localidad | K3: Clave del municipio | L3: Nombre del municipio o delegación | M3: Clave de la entidad federativa | N3: Nombre de la entidad federativa (catálogo) | O3: Código postal | P3: Domicilio en el extranjero, en su caso | Q3: Teléfono y extensión en su caso, de contacto de la oficina de atención | R3: ESTE CRITERIO APLICA A PARTIR DEL 02/07/2021 -> Medios electrónicos de comunicación de la oficina de atención y/o de la persona responsable del Servicio | S3: Horario de atención (días y horas)
A4: 1 | B4: DEPARTAMENTO DE TESORERIA | C4: Calle | D4: PLAZA JUAREZ | E4: 0 | F4: 0 | G4: Colonia | H4: CENTRO | I4: 24045 | J4: VENADO, SAN LUIS POTOSI | K4: 45 | L4: VENADO, SAN LUIS POTOSI | M4: 24 | N4: San Luis Potosí | O4: 78920 | P4: NO GENERADO | Q4: 01 (486) 85 4 61 10 | R4: presidencia@venado-slp.gob.mx | S4: 9:00 A 16:00 HORAS DE LUNES A VIENES Y SABADO DE 9:00 A 14:00 HORAS
A5: 2 | B5: DEPARTAMENTO DE TESORERIA | C5: Calle | D5: PLAZA JUAREZ | E5: 0 | F5: 0 | G5: Colonia | H5: CENTRO | I5: 24045 | J5: VENADO, SAN LUIS POTOSI | K5: 45 | L5: VENADO, SAN LUIS POTOSI | M5: 24 | N5: San Luis Potosí | O5: 78920 | P5: NO GENERADO | Q5: 01 (486) 85 4 61 10 | R5: presidencia@venado-slp.gob.mx | S5: 9:00 A 16:00 HORAS DE LUNES A VIENES Y SABADO DE 9:00 A 14:00 HORAS
A6: 3 | B6: DEPARTAMENTO DE TESORERIA | C6: Calle | D6: PLAZA JUAREZ | E6: 0 | F6: 0 | G6: Colonia | H6: CENTRO | I6: 24045 | J6: VENADO, SAN LUIS POTOSI | K6: 45 | L6: VENADO, SAN LUIS POTOSI | M6: 24 | N6: San Luis Potosí | O6: 78920 | P6: NO GENERADO | Q6: 01 (486) 85 4 61 10 | R6: presidencia@venado-slp.gob.mx | S6: 9:00 A 16:00 HORAS DE LUNES A VIENES Y SABADO DE 9:00 A 14:00 HORAS
A7: 4 | B7: DEPARTAMENTO DE TESORERIA | C7: Calle | D7: PLAZA JUAREZ | E7: 0 | F7: 0 | G7: Colonia | H7: CENTRO | I7: 24045 | J7: VENADO, SAN LUIS POTOSI | K7: 45 | L7: VENADO, SAN LUIS POTOSI | M7: 24 | N7: San Luis Potosí | O7: 78920 | P7: NO GENERADO | Q7: 01 (486) 85 4 61 10 | R7: presidencia@venado-slp.gob.mx | S7: 9:00 A 16:00 HORAS DE LUNES A VIENES Y SABADO DE 9:00 A 14:00 HORAS
A8: 5 | B8: DEPARTAMENTO DE TESORERIA | C8: Calle | D8: PLAZA JUAREZ | E8: 0 | F8: 0 | G8: Colonia | H8: CENTRO | I8: 24045 | J8: VENADO, SAN LUIS POTOSI | K8: 45 | L8: VENADO, SAN LUIS POTOSI | M8: 24 | N8: San Luis Potosí | O8: 78920 | P8: NO GENERADO | Q8: 01 (486) 85 4 61 10 | R8: presidencia@venado-slp.gob.mx | S8: 9:00 A 16:00 HORAS DE LUNES A VIENES Y SABADO DE 9:00 A 14:00 HORAS
A9: 6 | B9: DEPARTAMENTO DE TESORERIA | C9: Calle | D9: PLAZA JUAREZ | E9: 0 | F9: 0 | G9: Colonia | H9: CENTRO | I9: 24045 | J9: VENADO, SAN LUIS POTOSI | K9: 45 | L9: VENADO, SAN LUIS POTOSI | M9: 24 | N9: San Luis Potosí | O9: 78920 | P9: NO GENERADO | Q9: 01 (486) 85 4 61 10 | R9: presidencia@venado-slp.gob.mx | S9: 9:00 A 16:00 HORAS DE LUNES A VIENES Y SABADO DE 9:00 A 14:00 HORAS
A10: 7 | B10: DEPARTAMENTO DE TESORERIA | C10: Calle | D10: PLAZA JUAREZ | E10: 0 | F10: 0 | G10: Colonia | H10: CENTRO | I10: 24045 | J10: VENADO, SAN LUIS POTOSI | K10: 45 | L10: VENADO, SAN LUIS POTOSI | M10: 24 | N10: San Luis Potosí | O10: 78920 | P10: NO GENERADO | Q10: 01 (486) 85 4 61 10 | R10: presidencia@venado-slp.gob.mx | S10: 9:00 A 16:00 HORAS DE LUNES A VIENES Y SABADO DE 9:00 A 14:00 HORAS
A11: 8 | B11: DEPARTAMENTO DE TESORERIA | C11: Calle | D11: PLAZA JUAREZ | E11: 0 | F11: 0 | G11: Colonia | H11: CENTRO | I11: 24045 | J11: VENADO, SAN LUIS POTOSI | K11: 45 | L11: VENADO, SAN LUIS POTOSI | M11: 24 | N11: San Luis Potosí | O11: 78920 | P11: NO GENERADO | Q11: 01 (486) 85 4 61 10 | R11: presidencia@venado-slp.gob.mx | S11: 9:00 A 16:00 HORAS DE LUNES A VIENES Y SABADO DE 9:00 A 14:00 HORAS
A12: 9 | B12: DEPARTAMENTO DE TESORERIA | C12: Calle | D12: PLAZA JUAREZ | E12: 0 | F12: 0 | G12: Colonia | H12: CENTRO | I12: 24045 | J12: VENADO, SAN LUIS POTOSI | K12: 45 | L12: VENADO, SAN LUIS POTOSI | M12: 24 | N12: San Luis Potosí | O12: 78920 | P12: NO GENERADO | Q12: 01 (486) 85 4 61 10 | R12: presidencia@venado-slp.gob.mx | S12: 9:00 A 16:00 HORAS DE LUNES A VIENES Y SABADO DE 9:00 A 14:00 HORAS
A13: 10 | B13: DEPARTAMENTO DE TESORERIA | C13: Calle | D13: PLAZA JUAREZ | E13: 0 | F13: 0 | G13: Colonia | H13: CENTRO | I13: 24045 | J13: VENADO, SAN LUIS POTOSI | K13: 45 | L13: VENADO, SAN LUIS POTOSI | M13: 24 | N13: San Luis Potosí | O13: 78920 | P13: NO GENERADO | Q13: 01 (486) 85 4 61 10 | R13: presidencia@venado-slp.gob.mx | S13: 9:00 A 16:00 HORAS DE LUNES A VIENES Y SABADO DE 9:00 A 14:00 HORAS
A14: 11 | B14: DEPARTAMENTO DE TESORERIA | C14: Calle | D14: PLAZA JUAREZ | E14: 0 | F14: 0 | G14: Colonia | H14: CENTRO | I14: 24045 | J14: VENADO, SAN LUIS POTOSI | K14: 45 | L14: VENADO, SAN LUIS POTOSI | M14: 24 | N14: San Luis Potosí | O14: 78920 | P14: NO GENERADO | Q14: 01 (486) 85 4 61 10 | R14: presidencia@venado-slp.gob.mx | S14: 9:00 A 16:00 HORAS DE LUNES A VIENES Y SABADO DE 9:00 A 14:00 HORAS
A15: 12 | B15: DEPARTAMENTO DE TESORERIA | C15: Calle | D15: PLAZA JUAREZ | E15: 0 | F15: 0 | G15: Colonia | H15: CENTRO | I15: 24045 | J15: VENADO, SAN LUIS POTOSI | K15: 45 | L15: VENADO, SAN LUIS POTOSI | M15: 24 | N15: San Luis Potosí | O15: 78920 | P15: NO GENERADO | Q15: 01 (486) 85 4 61 10 | R15: presidencia@venado-slp.gob.mx | S15: 9:00 A 16:00 HORAS DE LUNES A VIENES Y SABADO DE 9:00 A 14:00 HORAS
... A54: 51 | B54: DEPARTAMENTO DE TESORERIA | C54: Calle | D54: PLAZA JUAREZ | E54: 0 | F54: 0 | G54: Colonia | H54: CENTRO | I54: 24045 | J54: VENADO, SAN LUIS POTOSI | K54: 45 | L54: VENADO, SAN LUIS POTOSI | M54: 24 | N54: San Luis Potosí | O54: 78920 | P54: NO GENERADO | Q54: 01 (486) 85 4 61 10 | R54: presidencia@venado-slp.gob.mx | S54: 9:00 A 16:00 HORAS DE LUNES A VIENES Y SABADO DE 9:00 A 14:00 HORAS

Sheet Hidden_1_Tabla_549847
A1: Corredor
A2: Circunvalación
A3: Diagonal
A4: Continuación
A5: Brecha
A6: Circuito
A7: Calle
A8: Callejón
A9: Pasaje
A10: Avenida
A11: Calzada
A12: Eje vial
... A24: Vereda

Sheet Hidden_2_Tabla_549847
A1: Aeropuerto
A2: Ampliación
A3: Barrio
A4: Cantón
A5: Ciudad
A6: Ciudad industrial
A7: Colonia
A8: Condominio
A9: Conjunto habitacional
A10: Corredor industrial
A11: Coto
A12: Cuartel
... A41: Zona naval

Sheet Hidden_3_Tabla_549847
A1: Quintana Roo
A2: Durango
A3: Michoacán de Ocampo
A4: San Luis Potosí
A5: Yucatán
A6: Baja California Sur
A7: Sinaloa
A8: Tamaulipas
A9: Nayarit
A10: Nuevo León
A11: Jalisco
A12: Morelos
... A32: Chihuahua

Sheet Tabla_566299
B1: 2 | C1: 2 | D1: 9 | E1: 2 | F1: 2 | G1: 2 | H1: 9 | I1: 2 | J1: 2 | K1: 2 | L1: 2 | M1: 2 | N1: 2 | O1: 9 | P1: 1
B2: 76087 | C2: 76101 | D2: 76090 | E2: 76091 | F2: 76092 | G2: 76093 | H2: 76094 | I2: 76095 | J2: 76096 | K2: 76097 | L2: 76098 | M2: 76099 | N2: 76089 | O2: 76100 | P2: 76088
A3: ID | B3: ESTE CRITERIO APLICA A PARTIR DEL 02/07/2021 -> Teléfono(s) y, en su caso, extensión(es) | C3: ESTE CRITERIO APLICA A PARTIR DEL 02/07/2021 -> Medios electrónicos de comunicación | D3: ESTE CRITERIO APLICA A PARTIR DEL 02/07/2021 -> Domicilio: Tipo vialidad (catálogo) | E3: ESTE CRITERIO APLICA A PARTIR DEL 02/07/2021 -> Nombre de vialidad | F3: ESTE CRITERIO APLICA A PARTIR DEL 02/07/2021 -> Número exterior | G3: ESTE CRITERIO APLICA A PARTIR DEL 02/07/2021 -> Número interior, en su caso | H3: ESTE CRITERIO APLICA A PARTIR DEL 02/07/2021 -> Tipo de asentamiento (catálogo) | I3: ESTE CRITERIO APLICA A PARTIR DEL 02/07/2021 -> Nombre del asentamiento | J3: ESTE CRITERIO APLICA A PARTIR DEL 02/07/2021 -> Clave de la localidad | K3: ESTE CRITERIO APLICA A PARTIR DEL 02/07/2021 -> Nombre de la localidad | L3: ESTE CRITERIO APLICA A PARTIR DEL 02/07/2021 -> Clave del municipio | M3: ESTE CRITERIO APLICA A PARTIR DEL 02/07/2021 -> Nombre del municipio o delegación | N3: ESTE CRITERIO APLICA A PARTIR DEL 02/07/2021 -> Clave de la entidad federativa | O3: ESTE CRITERIO APLICA A PARTIR DEL 02/07/2021 -> Nombre de la entidad federativa (catálogo) | P3: ESTE CRITERIO APLICA A PARTIR DEL 02/07/2021 -> Código postal
A4: 1 | B4: 01 (486) 85 4 61 10 | C4: presidencia@venado-slp.gob.mx | D4: Calle | E4: PLAZA JUAREZ | F4: 0 | G4: 0 | H4: Colonia | I4: CENTRO | J4: 24045 | K4: SAN LUIS POTOSI , SAN LUIS POTOSI | L4: 045 | M4: VENADO, SAN LUIS POTOSI. | N4: 24 | O4: San Luis Potosí | P4: 78920
A5: 2 | B5: 01 (486) 85 4 61 10 | C5: presidencia@venado-slp.gob.mx | D5: Calle | E5: PLAZA JUAREZ | F5: 0 | G5: 0 | H5: Colonia | I5: CENTRO | J5: 24045 | K5: SAN LUIS POTOSI , SAN LUIS POTOSI | L5: 045 | M5: VENADO, SAN LUIS POTOSI. | N5: 24 | O5: San Luis Potosí | P5: 78920
A6: 3 | B6: 01 (486) 85 4 61 10 | C6: presidencia@venado-slp.gob.mx | D6: Calle | E6: PLAZA JUAREZ | F6: 0 | G6: 0 | H6: Colonia | I6: CENTRO | J6: 24045 | K6: SAN LUIS POTOSI , SAN LUIS POTOSI | L6: 045 | M6: VENADO, SAN LUIS POTOSI. | N6: 24 | O6: San Luis Potosí | P6: 78920
A7: 4 | B7: 01 (486) 85 4 61 10 | C7: presidencia@venado-slp.gob.mx | D7: Calle | E7: PLAZA JUAREZ | F7: 0 | G7: 0 | H7: Colonia | I7: CENTRO | J7: 24045 | K7: SAN LUIS POTOSI , SAN LUIS POTOSI | L7: 045 | M7: VENADO, SAN LUIS POTOSI. | N7: 24 | O7: San Luis Potosí | P7: 78920
A8: 5 | B8: 01 (486) 85 4 61 10 | C8: presidencia@venado-slp.gob.mx | D8: Calle | E8: PLAZA JUAREZ | F8: 0 | G8: 0 | H8: Colonia | I8: CENTRO | J8: 24045 | K8: SAN LUIS POTOSI , SAN LUIS POTOSI | L8: 045 | M8: VENADO, SAN LUIS POTOSI. | N8: 24 | O8: San Luis Potosí | P8: 78920
A9: 6 | B9: 01 (486) 85 4 61 10 | C9: presidencia@venado-slp.gob.mx | D9: Calle | E9: PLAZA JUAREZ | F9: 0 | G9: 0 | H9: Colonia | I9: CENTRO | J9: 24045 | K9: SAN LUIS POTOSI , SAN LUIS POTOSI | L9: 045 | M9: VENADO, SAN LUIS POTOSI. | N9: 24 | O9: San Luis Potosí | P9: 78920
A10: 7 | B10: 01 (486) 85 4 61 10 | C10: presidencia@venado-slp.gob.mx | D10: Calle | E10: PLAZA JUAREZ | F10: 0 | G10: 0 | H10: Colonia | I10: CENTRO | J10: 24045 | K10: SAN LUIS POTOSI , SAN LUIS POTOSI | L10: 045 | M10: VENADO, SAN LUIS POTOSI. | N10: 24 | O10: San Luis Potosí | P10: 78920
A11: 8 | B11: 01 (486) 85 4 61 10 | C11: presidencia@venado-slp.gob.mx | D11: Calle | E11: PLAZA JUAREZ | F11: 0 | G11: 0 | H11: Colonia | I11: CENTRO | J11: 24045 | K11: SAN LUIS POTOSI , SAN LUIS POTOSI | L11: 045 | M11: VENADO, SAN LUIS POTOSI. | N11: 24 | O11: San Luis Potosí | P11: 78920
A12: 9 | B12: 01 (486) 85 4 61 10 | C12: presidencia@venado-slp.gob.mx | D12: Calle | E12: PLAZA JUAREZ | F12: 0 | G12: 0 | H12: Colonia | I12: CENTRO | J12: 24045 | K12: SAN LUIS POTOSI , SAN LUIS POTOSI | L12: 045 | M12: VENADO, SAN LUIS POTOSI. | N12: 24 | O12: San Luis Potosí | P12: 78920
A13: 10 | B13: 01 (486) 85 4 61 10 | C13: presidencia@venado-slp.gob.mx | D13: Calle | E13: PLAZA JUAREZ | F13: 0 | G13: 0 | H13: Colonia | I13: CENTRO | J13: 24045 | K13: SAN LUIS POTOSI , SAN LUIS POTOSI | L13: 045 | M13: VENADO, SAN LUIS POTOSI. | N13: 24 | O13: San Luis Potosí | P13: 78920
A14: 11 | B14: 01 (486) 85 4 61 10 | C14: presidencia@venado-slp.gob.mx | D14: Calle | E14: PLAZA JUAREZ | F14: 0 | G14: 0 | H14: Colonia | I14: CENTRO | J14: 24045 | K14: SAN LUIS POTOSI , SAN LUIS POTOSI | L14: 045 | M14: VENADO, SAN LUIS POTOSI. | N14: 24 | O14: San Luis Potosí | P14: 78920
A15: 12 | B15: 01 (486) 85 4 61 10 | C15: presidencia@venado-slp.gob.mx | D15: Calle | E15: PLAZA JUAREZ | F15: 0 | G15: 0 | H15: Colonia | I15: CENTRO | J15: 24045 | K15: SAN LUIS POTOSI , SAN LUIS POTOSI | L15: 045 | M15: VENADO, SAN LUIS POTOSI. | N15: 24 | O15: San Luis Potosí | P15: 78920
... A54: 51 | B54: 01 (486) 85 4 61 10 | C54: presidencia@venado-slp.gob.mx | D54: Calle | E54: PLAZA JUAREZ | F54: 0 | G54: 0 | H54: Colonia | I54: CENTRO | J54: 24045 | K54: SAN LUIS POTOSI , SAN LUIS POTOSI | L54: 045 | M54: VENADO, SAN LUIS POTOSI. | N54: 24 | O54: San Luis Potosí | P54: 78920

Sheet Hidden_1_Tabla_566299
A1: Carretera
A2: Privada
A3: Eje vial
A4: Circunvalación
A5: Brecha
A6: Diagonal
A7: Calle
A8: Corredor
A9: Circuito
A10: Pasaje
A11: Vereda
A12: Calzada
... A26: Avenida

Sheet Hidden_2_Tabla_566299
A1: Aeropuerto
A2: Ampliación
A3: Barrio
A4: Cantón
A5: Ciudad
A6: Ciudad industrial
A7: Colonia
A8: Condominio
A9: Conjunto habitacional
A10: Corredor industrial
A11: Coto
A12: Cuartel
... A41: Zona naval

Sheet Hidden_3_Tabla_566299
A1: México
A2: Guerrero
A3: Puebla
A4: Quintana Roo
A5: Guanajuato
A6: Durango
A7: Michoacán de Ocampo
A8: San Luis Potosí
A9: Campeche
A10: Coahuila de Zaragoza
A11: Nayarit
A12: Zacatecas
... A32: Baja California

Sheet Tabla_549839
B1: 1 | C1: 2 | D1: 9 | E1: 2 | F1: 1 | G1: 1 | H1: 9 | I1: 2 | J1: 1 | K1: 2 | L1: 1 | M1: 2 | N1: 1 | O1: 9 | P1: 1 | Q1: 2
B2: 70104 | C2: 76136 | D2: 70106 | E2: 70107 | F2: 70108 | G2: 70109 | H2: 70110 | I2: 70111 | J2: 70112 | K2: 70113 | L2: 70114 | M2: 70115 | N2: 70116 | O2: 70117 | P2: 70118 | Q2: 70119
A3: ID | B3: Teléfono, en su caso extensión | C3: ESTE CRITERIO APLICA A PARTIR DEL 02/07/2021 -> Medios electrónicos de comunicación | D3: Tipo de vialidad | E3: Nombre de vialidad | F3: Número exterior | G3: Número interior, en su caso | H3: Tipo de asentamineto | I3: Nombre de asentamiento | J3: Clave de la localidad | K3: Nombre de la localidad | L3: Clave del municipio | M3: Nombre del municipio o Delegación | N3: Clave de la Entidad Federativa | O3: Nombre de la Entidad Federativa | P3: Código Postal | Q3: Domicilio en el extranjero, en su caso
A4: 1 | B4: 01 (486) 85 4 61 10 | C4: presidencia@venado-slp.gob.mx | D4: Calle | E4: PLAZA JUAREZ | F4: 0 | G4: 0 | H4: Colonia | I4: CENTRO | J4: 24045 | K4: SAN LUIS POTOSI , SAN LUIS POTOSI | L4: 045 | M4: VENADO, SAN LUIS POTOSI. | N4: 24 | O4: San Luis Potosí | P4: 78920 | Q4: NO GENERADO
A5: 2 | B5: 01 (486) 85 4 61 10 | C5: presidencia@venado-slp.gob.mx | D5: Calle | E5: PLAZA JUAREZ | F5: 0 | G5: 0 | H5: Colonia | I5: CENTRO | J5: 24045 | K5: SAN LUIS POTOSI , SAN LUIS POTOSI | L5: 045 | M5: VENADO, SAN LUIS POTOSI. | N5: 24 | O5: San Luis Potosí | P5: 78920 | Q5: NO GENERADO
A6: 3 | B6: 01 (486) 85 4 61 10 | C6: presidencia@venado-slp.gob.mx | D6: Calle | E6: PLAZA JUAREZ | F6: 0 | G6: 0 | H6: Colonia | I6: CENTRO | J6: 24045 | K6: SAN LUIS POTOSI , SAN LUIS POTOSI | L6: 045 | M6: VENADO, SAN LUIS POTOSI. | N6: 24 | O6: San Luis Potosí | P6: 78920 | Q6: NO GENERADO
A7: 4 | B7: 01 (486) 85 4 61 10 | C7: presidencia@venado-slp.gob.mx | D7: Calle | E7: PLAZA JUAREZ | F7: 0 | G7: 0 | H7: Colonia | I7: CENTRO | J7: 24045 | K7: SAN LUIS POTOSI , SAN LUIS POTOSI | L7: 045 | M7: VENADO, SAN LUIS POTOSI. | N7: 24 | O7: San Luis Potosí | P7: 78920 | Q7: NO GENERADO
A8: 5 | B8: 01 (486) 85 4 61 10 | C8: presidencia@venado-slp.gob.mx | D8: Calle | E8: PLAZA JUAREZ | F8: 0 | G8: 0 | H8: Colonia | I8: CENTRO | J8: 24045 | K8: SAN LUIS POTOSI , SAN LUIS POTOSI | L8: 045 | M8: VENADO, SAN LUIS POTOSI. | N8: 24 | O8: San Luis Potosí | P8: 78920 | Q8: NO GENERADO
A9: 6 | B9: 01 (486) 85 4 61 10 | C9: presidencia@venado-slp.gob.mx | D9: Calle | E9: PLAZA JUAREZ | F9: 0 | G9: 0 | H9: Colonia | I9: CENTRO | J9: 24045 | K9: SAN LUIS POTOSI , SAN LUIS POTOSI | L9: 045 | M9: VENADO, SAN LUIS POTOSI. | N9: 24 | O9: San Luis Potosí | P9: 78920 | Q9: NO GENERADO
A10: 7 | B10: 01 (486) 85 4 61 10 | C10: presidencia@venado-slp.gob.mx | D10: Calle | E10: PLAZA JUAREZ | F10: 0 | G10: 0 | H10: Colonia | I10: CENTRO | J10: 24045 | K10: SAN LUIS POTOSI , SAN LUIS POTOSI | L10: 045 | M10: VENADO, SAN LUIS POTOSI. | N10: 24 | O10: San Luis Potosí | P10: 78920 | Q10: NO GENERADO
A11: 8 | B11: 01 (486) 85 4 61 10 | C11: presidencia@venado-slp.gob.mx | D11: Calle | E11: PLAZA JUAREZ | F11: 0 | G11: 0 | H11: Colonia | I11: CENTRO | J11: 24045 | K11: SAN LUIS POTOSI , SAN LUIS POTOSI | L11: 045 | M11: VENADO, SAN LUIS POTOSI. | N11: 24 | O11: San Luis Potosí | P11: 78920 | Q11: NO GENERADO
A12: 9 | B12: 01 (486) 85 4 61 10 | C12: presidencia@venado-slp.gob.mx | D12: Calle | E12: PLAZA JUAREZ | F12: 0 | G12: 0 | H12: Colonia | I12: CENTRO | J12: 24045 | K12: SAN LUIS POTOSI , SAN LUIS POTOSI | L12: 045 | M12: VENADO, SAN LUIS POTOSI. | N12: 24 | O12: San Luis Potosí | P12: 78920 | Q12: NO GENERADO
A13: 10 | B13: 01 (486) 85 4 61 10 | C13: presidencia@venado-slp.gob.mx | D13: Calle | E13: PLAZA JUAREZ | F13: 0 | G13: 0 | H13: Colonia | I13: CENTRO | J13: 24045 | K13: SAN LUIS POTOSI , SAN LUIS POTOSI | L13: 045 | M13: VENADO, SAN LUIS POTOSI. | N13: 24 | O13: San Luis Potosí | P13: 78920 | Q13: NO GENERADO
A14: 11 | B14: 01 (486) 85 4 61 10 | C14: presidencia@venado-slp.gob.mx | D14: Calle | E14: PLAZA JUAREZ | F14: 0 | G14: 0 | H14: Colonia | I14: CENTRO | J14: 24045 | K14: SAN LUIS POTOSI , SAN LUIS POTOSI | L14: 045 | M14: VENADO, SAN LUIS POTOSI. | N14: 24 | O14: San Luis Potosí | P14: 78920 | Q14: NO GENERADO
A15: 12 | B15: 01 (486) 85 4 61 10 | C15: presidencia@venado-slp.gob.mx | D15: Calle | E15: PLAZA JUAREZ | F15: 0 | G15: 0 | H15: Colonia | I15: CENTRO | J15: 24045 | K15: SAN LUIS POTOSI , SAN LUIS POTOSI | L15: 045 | M15: VENADO, SAN LUIS POTOSI. | N15: 24 | O15: San Luis Potosí | P15: 78920 | Q15: NO GENERADO
... A54: 51 | B54: 01 (486) 85 4 61 10 | C54: presidencia@venado-slp.gob.mx | D54: Calle | E54: PLAZA JUAREZ | F54: 0 | G54: 0 | H54: Colonia | I54: CENTRO | J54: 24045 | K54: SAN LUIS POTOSI , SAN LUIS POTOSI | L54: 045 | M54: VENADO, SAN LUIS POTOSI. | N54: 24 | O54: San Luis Potosí | P54: 78920 | Q54: NO GENERADO

Sheet Hidden_1_Tabla_549839
A1: Carretera
A2: Privada
A3: Eje vial
A4: Circunvalación
A5: Brecha
A6: Diagonal
A7: Calle
A8: Corredor
A9: Circuito
A10: Pasaje
A11: Vereda
A12: Calzada
... A26: Avenida

Sheet Hidden_2_Tabla_549839
A1: Aeropuerto
A2: Ampliación
A3: Barrio
A4: Cantón
A5: Ciudad
A6: Ciudad industrial
A7: Colonia
A8: Condominio
A9: Conjunto habitacional
A10: Corredor industrial
A11: Coto
A12: Cuartel
... A41: Zona naval

Sheet Hidden_3_Tabla_549839
A1: México
A2: Guerrero
A3: Puebla
A4: Quintana Roo
A5: Guanajuato
A6: Durango
A7: Michoacán de Ocampo
A8: San Luis Potosí
A9: Campeche
A10: Coahuila de Zaragoza
A11: Nayarit
A12: Zacatecas
... A32: Baja California
